Workbook

Sheet Instructions
A1: FOR OPTIMUM EVALUATION, THIS CLINICAL DATA DASHBOARD SHOULD BE USED IN CONJUNCTION WITH THE FINANCIAL DATA DASHBOARD
A2: There are 3 Questionnaires that need to be completed (green tabs): the Staffing Questionnaire, the Visits Questionnaire, and the Additional Data Questionnaire
A3: GENERAL INSTRUCTIONS FOR COMPLETING QUESTIONNAIRES
B4: Please DO NOT change Program Headings.
B5: Please DO NOT delete columns.
B6: The information from the Questionnaires will auto-populate all the spreadsheets and graphs in the file.
B7: After all information has been entered in the Questionnaires, columns with no data can be hidden.
B8: Please look down the ENTIRE COLUMN before hiding columns to be sure that there is no data in the ENTIRE COLUMN.
B9: BE SURE TO SAVE YOUR FILE.
B10: If you have questions, please contact your Practice Management Lead Consultant.
A12: Staffing Questionnaire Instructions
A13: The following standards are assumed in the calculations based on this Questionnaire
B14: A fulltime MD can see 20 patients per day at an average reimbursement rate of $78 per patient.
B15: A fulltime NP/PA can see 20 patients per day at an average reimbursement rate of $78 per patient.
B16: A fulltime CH ERN can see 6 patients per day at an average reimbursement rate of $90 per patient.
B17: A fulltime STD ERN can see 10 patients per day at an average reimbursement rate of $45 per patient.
B18: A fulltime RN can see 20 patients per day at an average reimbursement rate of $38 per patient.
A20: Section 1 | B20: This information comes from your current fiscal year approved budget.
B21: Clinic Time is time spent in providing clinical services. Would this staff member be needed if you did not provide clinical services?
B22: Administrative Time is time spent in administrative functions to support the clinic (reviewing policies, program reporting, training, etc.).
B23: Clinic Time excludes: OBCM, Report Writing, HR related duties, CC4C, negotiating and managing grants and contracts, preparedness activities, community activities, and communicable disease investigation in the community.
B24: Please list employees in the section that is the closest match for their job description.
B25: Salary does not have to be broken down by individual fringe benefit items. The fringe items can be combined into one sum, if that calculation is easier to key. Use one method or the other, not both.
B26: The Names can stay visible by freezing the panes
C27: Place the cursor in Cell B11
C28: Scroll up until row 9 is the first line visible on the worksheet
C29: Click on "View" "Freeze Panes" "Freeze Panes"
B30: The panes can be returned to normal after all employees have been keyed in the worksheet
C31: Click on "View" "Freeze Panes" "Unfreeze Panes"
A33: Section 2 | B33: The Total Visits in column AI comes from the "Practice Management Data Dashboard" in CSDW
C34: INSTRUCTIONS FOR RUNNING REPORT "PRACTICE MANAGEMENT DATA DASHBOARD" IN CSDW AND COMPLETING THE TOTAL VISITS COLUMN IN SECTION 2 OF THE STAFFING QUESTIONNAIRE
D35: You must be authorized by the state to use CSDW.
D36: Sign into CSDW using your NCID and password.
E37: The website address is "https://csdwportal.dhhs.state.nc.us/csdwlogin/"
D38: Click on the "Documents" tab at the top of the screen
E39: Double Click on "Public Folders"
E40: Double Click on "DHHS Main Document"
E41: Double Click on "DPH"
E42: Double Click on "HIS"
E43: Double Click on "State Sanctioned"
E44: Double Click on "Counts Services"
E45: Double Click on "Practice Management Data Dashboard"
E46: The "Prompts" screen should appear
D47: Run for a 12-month period ENDING with the last completed quarter
E48: Click on "Enter Date of Service (Start)"
F49: Enter the first day of the 12-month period. Correct format is 07/01/2015.
E50: Click on "Enter Date of Service (End)"
F51: Enter the last day of the 12-month period. Correct format is 09/30/2015.
E52: Click on "Enter Agency Root System Code"
F53: Type your agency's root system code where it says "Type values here" and then click on the ">" button
E54: Click on "OK"
E55: The data used to complete column AI of Section 2 on the Staffing Questionnaire is on the "Service Count by Practioner Summary" tab
D56: Key the total visits for each provider in column AI of Section 2 in the Staffing Questionnaire
A58: Section 3 | B58: The Total Visits in column AJ comes from the "Practice Management Data Dashboard Immunizations Only" in CSDW
C59: INSTRUCTIONS FOR RUNNING REPORT "PRACTICE MANAGEMENT DATA DASHBOARD IMMUNIZATIONS ONLY" IN CSDW AND COMPLETING THE TOTAL VISITS COLUMN IN SECTION 3 OF THE STAFFING QUESTIONNAIRE
D60: You must be authorized by the state to use CSDW.
D61: Sign into CSDW using your NCID and password.
E62: The website address is "https://csdwportal.dhhs.state.nc.us/csdwlogin/"
D63: Click on the "Documents" tab at the top of the screen
E64: Double Click on "Public Folders"
E65: Double Click on "DHHS Main Document"
E66: Double Click on "DPH"
E67: Double Click on "HIS"
E68: Double Click on "State Sanctioned"
E69: Double Click on "Counts Services"
E70: Double Click on "Practice Management Data Dashboard Immunizations Only"
E71: The "Prompts" screen should appear
D72: Run for a 12-month period ENDING with the last completed quarter
E73: Click on "Enter Date of Service (Start)"
F74: Enter the first day of the 12-month period. Correct format is 07/01/2015.
E75: Click on "Enter Date of Service (End)"
F76: Enter the last day of the 12-month period. Correct format is 09/30/2015.
E77: Click on "Enter Agency Root System Code"
F78: Type your agency's root system code where it says "Type values here" and then click on the ">" button
E79: Click on "OK"
E80: The data used to complete column AJ of Section 3 on the Staffing Questionnaire is on the "Service Count by Practioner Summary" tab
D81: Key the total visits for each provider in column AJ of Section 3 in the Staffing Questionnaire
A83: Section 4 | B83: The Payments Amount in column AK comes from the "AR404 Period Income by Financial Class, Program, or Provider Report" in CSDW
C84: INSTRUCTIONS FOR RUNNING "AR404 PERIOD INCOME BY FINANCIAL CLASS, PROGRAM, OR PROVIDER REPORT" IN CSDW AND COMPLETING THE PAYMENTS AMOUNT COLUMN IN SECTION 3 OF THE STAFFING QUESTIONNAIRE
D85: You must be authorized by the state to use CSDW.
D86: Sign into CSDW using your NCID and password.
E87: The website address is "https://csdwportal.dhhs.state.nc.us/csdwlogin/"
D88: Click on the "Documents" tab at the top of the screen
E89: Double Click on "Public Folders"
E90: Double Click on "DHHS Main Document"
E91: Double Click on "DPH"
E92: Double Click on "HIS"
E93: Double Click on "State Sanctioned"
E94: Double Click on "Income"
E95: Double Click on "AR404 Period Income by Financial Class, Program, or Provider"
E96: The "Prompts" screen should appear
D97: Run for a 12-month period ENDING with the last completed quarter
E98: Click on "Enter Agency Root System Code"
F99: Type your agency's root system code where it says "Type values here" and then click on the ">" button
E100: Click on "Enter Date of Receipt (Start)"
F101: Enter the first day of the 12-month period. Correct format is 07/01/2015.
E102: Click on "Enter Date of Service (End)"
F103: Enter the last day of the 12-month period. Correct format is 09/30/2015.
E104: Click on "OK"
E105: The data used to complete column AK of Section 4 on the Staffing Questionnaire is on the "Summary by Provider" tab in the "Payments" column
...

Sheet Staffing Questionnaire
A1: PLEASE REVIEW THE INFORMATION ON THE "INSTRUCTIONS" WORKSHEET BEFORE BEGINNING WORK ON THIS QUESTIONNAIRE.
A2: Please enter the name of your agency in the blank provided. | G2: Please enter the current fiscal year in the blank provided (Ex: 2016-2017)
A4: PLEASE COMPLETE ALL OF THE FOLLOWING INFORMATION AS ACCURATELY AS POSSIBLE
A5: REMINDER: More detailed information will provide the most accurate and useful results.
A7: Section 1 | B7: This information comes from actual direct time worked and from your current fiscal year approved Health Department Budget . | AI7: Section 2 | AJ7: Section 3 | AK7: Section 4 | AO7: PLEASE | AP7: DO | AQ7: NOT | AR7: KEY | AS7: ANY | AT7: INFORMATION | AV7: IN | AW7: THESE | AX7: COLUMNS
A8: Please enter all clinic staff by name and discipline. Please do not add or delete lines. | C8: Please enter the number of hours BUDGETED per week. Also enter the number of hours worked in clinic and worked in admin per week. Clinical + Administrative = Budgeted | F8: Please indicate the PERCENTAGE OF TME worked in each program. Use the program that is the closest match. Please do not change program headings. | V8: Please include the ANNUAL BUDGETED AMOUNT of all Salary and Fringe Benefits for the current fiscal year. | AG8: ONLY KEY INFORMATION IN THESE COLUMNS IF NOT USING COLUMNS U - AE TO KEY DETAILED PAYROLL INFORMATION | AI8: This information comes from the "Practice Management Dashboard" report in CSDW | AJ8: This information comes from the "Practice Management Dashboard Immunizations Only" report in CSDW | AK8: This information comes from the AR404 report in CSDW | AQ8: $78 per visit 20 per day or 2.5 per hour
C9: Number of Hours Worked Per Week | F9: Percentage of Time Worked in Each Program | V9: **Fringe Benefits DO NOT have to be broken out by payment categories if it is easier to key one total for all Fringe. See Columns AF and AG** | AG9: ALTERNATE PAYROLL INFORMATION | AI9: TOTAL NUMBER OF VISITS | AK9: TOTAL PAYMENTS | AM9: PLEASE | AN9: ADMIN SALARY COST | AO9: LOST REVENUE COST | AR9: ADMIN SALARY COST | AS9: LOST REVENUE COST | AT9: TOTAL AGENCY COST | AV9: Hourly Rate
A10: MD's Name | B10: Discipline/Additional Role | C10: Budgeted | D10: Clinical | E10: Administrative | F10: Child Hlth | G10: Immunes | H10: Maternity | I10: Fam Plan | J10: STD | K10: TB | L10: Epidemiology | M10: BCCCP | N10: Adult Hlth | O10: Primary Care | P10: Pg Med Home | Q10: CC4C | R10: Behav Hlth-CH | S10: Behav Hlth-AH | T10: Behav Hlth - MH | U10: Other Serv | V10: Salary | W10: Bonus Pay | X10: FICA | Y10: Retirement | Z10: 401K | AA10: Workers Comp | AB10: Health Insur | AC10: Dental Insur | AD10: Life Insurance | AE10: Disability Ins | AF10: Other Fringe | AG10: Salary | AH10: Fringe | AJ10: TOTAL IMMUNE VISITS | AM10: DO | AW10: Child Hlth | AX10: Immunes | AY10: Maternity | AZ10: Fam Plan | BA10: STD | BB10: TB | BC10: Epidemiology | BD10: BCCCP | BE10: Adult Hlth | BF10: Primary Care | BG10: Pg Med Home | BH10: CC4C | BI10: Behav Hlth-CH | BJ10: Behav Hlth-AH | BK10: Behav Hlth - MH | BL10: Other Serv
AG11: =V11+W11 -> 0 | AH11: =SUM(X11:AF11) -> 0 | AM11: NOT | AN11: =IFERROR((E11/C11)*(AG11+AH11),0) -> 0 | AO11: =(E11*2.5)*78 -> 0 | AQ11: MD | AR11: =AN21 -> 0 | AS11: =AO21 -> 0 | AT11: =SUM(AR11:AS11) -> 0 | AV11: =IFERROR((AG11+AH11)/(C11*52),0) -> 0 | AW11: =(F11*0.01)*(AG11+AH11) -> 0 | AX11: =(G11*0.01)*(AG11+AH11) -> 0 | AY11: =(H11*0.01)*(AG11+AH11) -> 0 | AZ11: =(I11*0.01)*(AG11+AH11) -> 0 | BA11: =(J11*0.01)*(AG11+AH11) -> 0 | BB11: =(K11*0.01)*(AG11+AH11) -> 0 | BC11: =(L11*0.01)*(AG11+AH11) -> 0 | BD11: =(M11*0.01)*(AG11+AH11) -> 0 | BE11: =(N11*0.01)*(AG11+AH11) -> 0 | BF11: =(O11*0.01)*(AG11+AH11) -> 0 | BG11: =(P11*0.01)*(AG11+AH11) -> 0 | BH11: =(Q11*0.01)*(AG11+AH11) -> 0 | BI11: =(R11*0.01)*(AG11+AH11) -> 0 | BJ11: =(S11*0.01)*(AG11+AH11) -> 0 | BK11: =(T11*0.01)*(AG11+AH11) -> 0 | BL11: =(U11*0.01)*(AG11+AH11) -> 0
AG12: =V12+W12 -> 0 | AH12: =SUM(X12:AF12) -> 0 | AM12: KEY | AN12: =IFERROR((E12/C12)*(AG12+AH12),0) -> 0 | AO12: =(E12*2.5)*78 -> 0 | AQ12: NP/PA | AR12: =AN40 -> 0 | AS12: =AO40 -> 0 | AT12: =SUM(AR12:AS12) -> 0 | AV12: =IFERROR((AG12+AH12)/(C12*52),0) -> 0 | AW12: =(F12*0.01)*(AG12+AH12) -> 0 | AX12: =(G12*0.01)*(AG12+AH12) -> 0 | AY12: =(H12*0.01)*(AG12+AH12) -> 0 | AZ12: =(I12*0.01)*(AG12+AH12) -> 0 | BA12: =(J12*0.01)*(AG12+AH12) -> 0 | BB12: =(K12*0.01)*(AG12+AH12) -> 0 | BC12: =(L12*0.01)*(AG12+AH12) -> 0 | BD12: =(M12*0.01)*(AG12+AH12) -> 0 | BE12: =(N12*0.01)*(AG12+AH12) -> 0 | BF12: =(O12*0.01)*(AG12+AH12) -> 0 | BG12: =(P12*0.01)*(AG12+AH12) -> 0 | BH12: =(Q12*0.01)*(AG12+AH12) -> 0 | BI12: =(R12*0.01)*(AG12+AH12) -> 0 | BJ12: =(S12*0.01)*(AG12+AH12) -> 0 | BK12: =(T12*0.01)*(AG12+AH12) -> 0 | BL12: =(U12*0.01)*(AG12+AH12) -> 0
AG13: =V13+W13 -> 0 | AH13: =SUM(X13:AF13) -> 0 | AM13: ANY | AN13: =IFERROR((E13/C13)*(AG13+AH13),0) -> 0 | AO13: =(E13*2.5)*78 -> 0 | AQ13: CH ERN | AR13: =AN49 -> 0 | AS13: =AO49 -> 0 | AT13: =SUM(AR13:AS13) -> 0 | AV13: =IFERROR((AG13+AH13)/(C13*52),0) -> 0 | AW13: =(F13*0.01)*(AG13+AH13) -> 0 | AX13: =(G13*0.01)*(AG13+AH13) -> 0 | AY13: =(H13*0.01)*(AG13+AH13) -> 0 | AZ13: =(I13*0.01)*(AG13+AH13) -> 0 | BA13: =(J13*0.01)*(AG13+AH13) -> 0 | BB13: =(K13*0.01)*(AG13+AH13) -> 0 | BC13: =(L13*0.01)*(AG13+AH13) -> 0 | BD13: =(M13*0.01)*(AG13+AH13) -> 0 | BE13: =(N13*0.01)*(AG13+AH13) -> 0 | BF13: =(O13*0.01)*(AG13+AH13) -> 0 | BG13: =(P13*0.01)*(AG13+AH13) -> 0 | BH13: =(Q13*0.01)*(AG13+AH13) -> 0 | BI13: =(R13*0.01)*(AG13+AH13) -> 0 | BJ13: =(S13*0.01)*(AG13+AH13) -> 0 | BK13: =(T13*0.01)*(AG13+AH13) -> 0 | BL13: =(U13*0.01)*(AG13+AH13) -> 0
AG14: =V14+W14 -> 0 | AH14: =SUM(X14:AF14) -> 0 | AM14: INFORMATION | AN14: =IFERROR((E14/C14)*(AG14+AH14),0) -> 0 | AO14: =(E14*2.5)*78 -> 0 | AQ14: STD ERN | AR14: =AN59 -> 0 | AS14: =AO59 -> 0 | AT14: =SUM(AR14:AS14) -> 0 | AV14: =IFERROR((AG14+AH14)/(C14*52),0) -> 0 | AW14: =(F14*0.01)*(AG14+AH14) -> 0 | AX14: =(G14*0.01)*(AG14+AH14) -> 0 | AY14: =(H14*0.01)*(AG14+AH14) -> 0 | AZ14: =(I14*0.01)*(AG14+AH14) -> 0 | BA14: =(J14*0.01)*(AG14+AH14) -> 0 | BB14: =(K14*0.01)*(AG14+AH14) -> 0 | BC14: =(L14*0.01)*(AG14+AH14) -> 0 | BD14: =(M14*0.01)*(AG14+AH14) -> 0 | BE14: =(N14*0.01)*(AG14+AH14) -> 0 | BF14: =(O14*0.01)*(AG14+AH14) -> 0 | BG14: =(P14*0.01)*(AG14+AH14) -> 0 | BH14: =(Q14*0.01)*(AG14+AH14) -> 0 | BI14: =(R14*0.01)*(AG14+AH14) -> 0 | BJ14: =(S14*0.01)*(AG14+AH14) -> 0 | BK14: =(T14*0.01)*(AG14+AH14) -> 0 | BL14: =(U14*0.01)*(AG14+AH14) -> 0
AG15: =V15+W15 -> 0 | AH15: =SUM(X15:AF15) -> 0 | AM15: IN | AN15: =IFERROR((E15/C15)*(AG15+AH15),0) -> 0 | AO15: =(E15*2.5)*78 -> 0 | AQ15: RN | AR15: =AN86 -> 0 | AS15: =AO86 -> 0 | AT15: =SUM(AR15:AS15) -> 0 | AV15: =IFERROR((AG15+AH15)/(C15*52),0) -> 0 | AW15: =(F15*0.01)*(AG15+AH15) -> 0 | AX15: =(G15*0.01)*(AG15+AH15) -> 0 | AY15: =(H15*0.01)*(AG15+AH15) -> 0 | AZ15: =(I15*0.01)*(AG15+AH15) -> 0 | BA15: =(J15*0.01)*(AG15+AH15) -> 0 | BB15: =(K15*0.01)*(AG15+AH15) -> 0 | BC15: =(L15*0.01)*(AG15+AH15) -> 0 | BD15: =(M15*0.01)*(AG15+AH15) -> 0 | BE15: =(N15*0.01)*(AG15+AH15) -> 0 | BF15: =(O15*0.01)*(AG15+AH15) -> 0 | BG15: =(P15*0.01)*(AG15+AH15) -> 0 | BH15: =(Q15*0.01)*(AG15+AH15) -> 0 | BI15: =(R15*0.01)*(AG15+AH15) -> 0 | BJ15: =(S15*0.01)*(AG15+AH15) -> 0 | BK15: =(T15*0.01)*(AG15+AH15) -> 0 | BL15: =(U15*0.01)*(AG15+AH15) -> 0
AG16: =V16+W16 -> 0 | AH16: =SUM(X16:AF16) -> 0 | AM16: THE | AN16: =IFERROR((E16/C16)*(AG16+AH16),0) -> 0 | AO16: =(E16*2.5)*78 -> 0 | AQ16: TOTAL | AR16: =SUM(AR11:AR15) -> 0 | AS16: =SUM(AS11:AS15) -> 0 | AT16: =SUM(AR16:AS16) -> 0 | AV16: =IFERROR((AG16+AH16)/(C16*52),0) -> 0 | AW16: =(F16*0.01)*(AG16+AH16) -> 0 | AX16: =(G16*0.01)*(AG16+AH16) -> 0 | AY16: =(H16*0.01)*(AG16+AH16) -> 0 | AZ16: =(I16*0.01)*(AG16+AH16) -> 0 | BA16: =(J16*0.01)*(AG16+AH16) -> 0 | BB16: =(K16*0.01)*(AG16+AH16) -> 0 | BC16: =(L16*0.01)*(AG16+AH16) -> 0 | BD16: =(M16*0.01)*(AG16+AH16) -> 0 | BE16: =(N16*0.01)*(AG16+AH16) -> 0 | BF16: =(O16*0.01)*(AG16+AH16) -> 0 | BG16: =(P16*0.01)*(AG16+AH16) -> 0 | BH16: =(Q16*0.01)*(AG16+AH16) -> 0 | BI16: =(R16*0.01)*(AG16+AH16) -> 0 | BJ16: =(S16*0.01)*(AG16+AH16) -> 0 | BK16: =(T16*0.01)*(AG16+AH16) -> 0 | BL16: =(U16*0.01)*(AG16+AH16) -> 0
AG17: =V17+W17 -> 0 | AH17: =SUM(X17:AF17) -> 0 | AM17: COLUMNS | AN17: =IFERROR((E17/C17)*(AG17+AH17),0) -> 0 | AO17: =(E17*2.5)*78 -> 0 | AV17: =IFERROR((AG17+AH17)/(C17*52),0) -> 0 | AW17: =(F17*0.01)*(AG17+AH17) -> 0 | AX17: =(G17*0.01)*(AG17+AH17) -> 0 | AY17: =(H17*0.01)*(AG17+AH17) -> 0 | AZ17: =(I17*0.01)*(AG17+AH17) -> 0 | BA17: =(J17*0.01)*(AG17+AH17) -> 0 | BB17: =(K17*0.01)*(AG17+AH17) -> 0 | BC17: =(L17*0.01)*(AG17+AH17) -> 0 | BD17: =(M17*0.01)*(AG17+AH17) -> 0 | BE17: =(N17*0.01)*(AG17+AH17) -> 0 | BF17: =(O17*0.01)*(AG17+AH17) -> 0 | BG17: =(P17*0.01)*(AG17+AH17) -> 0 | BH17: =(Q17*0.01)*(AG17+AH17) -> 0 | BI17: =(R17*0.01)*(AG17+AH17) -> 0 | BJ17: =(S17*0.01)*(AG17+AH17) -> 0 | BK17: =(T17*0.01)*(AG17+AH17) -> 0 | BL17: =(U17*0.01)*(AG17+AH17) -> 0
AG18: =V18+W18 -> 0 | AH18: =SUM(X18:AF18) -> 0 | AM18: TO | AN18: =IFERROR((E18/C18)*(AG18+AH18),0) -> 0 | AO18: =(E18*2.5)*78 -> 0 | AV18: =IFERROR((AG18+AH18)/(C18*52),0) -> 0 | AW18: =(F18*0.01)*(AG18+AH18) -> 0 | AX18: =(G18*0.01)*(AG18+AH18) -> 0 | AY18: =(H18*0.01)*(AG18+AH18) -> 0 | AZ18: =(I18*0.01)*(AG18+AH18) -> 0 | BA18: =(J18*0.01)*(AG18+AH18) -> 0 | BB18: =(K18*0.01)*(AG18+AH18) -> 0 | BC18: =(L18*0.01)*(AG18+AH18) -> 0 | BD18: =(M18*0.01)*(AG18+AH18) -> 0 | BE18: =(N18*0.01)*(AG18+AH18) -> 0 | BF18: =(O18*0.01)*(AG18+AH18) -> 0 | BG18: =(P18*0.01)*(AG18+AH18) -> 0 | BH18: =(Q18*0.01)*(AG18+AH18) -> 0 | BI18: =(R18*0.01)*(AG18+AH18) -> 0 | BJ18: =(S18*0.01)*(AG18+AH18) -> 0 | BK18: =(T18*0.01)*(AG18+AH18) -> 0 | BL18: =(U18*0.01)*(AG18+AH18) -> 0
AG19: =V19+W19 -> 0 | AH19: =SUM(X19:AF19) -> 0 | AM19: THE | AN19: =IFERROR((E19/C19)*(AG19+AH19),0) -> 0 | AO19: =(E19*2.5)*78 -> 0 | AV19: =IFERROR((AG19+AH19)/(C19*52),0) -> 0 | AW19: =(F19*0.01)*(AG19+AH19) -> 0 | AX19: =(G19*0.01)*(AG19+AH19) -> 0 | AY19: =(H19*0.01)*(AG19+AH19) -> 0 | AZ19: =(I19*0.01)*(AG19+AH19) -> 0 | BA19: =(J19*0.01)*(AG19+AH19) -> 0 | BB19: =(K19*0.01)*(AG19+AH19) -> 0 | BC19: =(L19*0.01)*(AG19+AH19) -> 0 | BD19: =(M19*0.01)*(AG19+AH19) -> 0 | BE19: =(N19*0.01)*(AG19+AH19) -> 0 | BF19: =(O19*0.01)*(AG19+AH19) -> 0 | BG19: =(P19*0.01)*(AG19+AH19) -> 0 | BH19: =(Q19*0.01)*(AG19+AH19) -> 0 | BI19: =(R19*0.01)*(AG19+AH19) -> 0 | BJ19: =(S19*0.01)*(AG19+AH19) -> 0 | BK19: =(T19*0.01)*(AG19+AH19) -> 0 | BL19: =(U19*0.01)*(AG19+AH19) -> 0
AG20: =V20+W20 -> 0 | AH20: =SUM(X20:AF20) -> 0 | AM20: RIGHT | AN20: =IFERROR((E20/C20)*(AG20+AH20),0) -> 0 | AO20: =(E20*2.5)*78 -> 0 | AV20: =IFERROR((AG20+AH20)/(C20*52),0) -> 0 | AW20: =(F20*0.01)*(AG20+AH20) -> 0 | AX20: =(G20*0.01)*(AG20+AH20) -> 0 | AY20: =(H20*0.01)*(AG20+AH20) -> 0 | AZ20: =(I20*0.01)*(AG20+AH20) -> 0 | BA20: =(J20*0.01)*(AG20+AH20) -> 0 | BB20: =(K20*0.01)*(AG20+AH20) -> 0 | BC20: =(L20*0.01)*(AG20+AH20) -> 0 | BD20: =(M20*0.01)*(AG20+AH20) -> 0 | BE20: =(N20*0.01)*(AG20+AH20) -> 0 | BF20: =(O20*0.01)*(AG20+AH20) -> 0 | BG20: =(P20*0.01)*(AG20+AH20) -> 0 | BH20: =(Q20*0.01)*(AG20+AH20) -> 0 | BI20: =(R20*0.01)*(AG20+AH20) -> 0 | BJ20: =(S20*0.01)*(AG20+AH20) -> 0 | BK20: =(T20*0.01)*(AG20+AH20) -> 0 | BL20: =(U20*0.01)*(AG20+AH20) -> 0
A21: =COUNTA(A11:A20) -> 0 | B21: TOTALS | C21: =SUM(C11:C20) -> 0 | D21: =SUM(D11:D20) -> 0 | E21: =SUM(E11:E20) -> 0 | V21: =SUM(V11:V20) -> 0 | W21: =SUM(W11:W20) -> 0 | X21: =SUM(X11:X20) -> 0 | Y21: =SUM(Y11:Y20) -> 0 | Z21: =SUM(Z11:Z20) -> 0 | AA21: =SUM(AA11:AA20) -> 0 | AB21: =SUM(AB11:AB20) -> 0 | AC21: =SUM(AC11:AC20) -> 0 | ... AK21: =SUM(AK11:AK20) -> 0 | AN21: =SUM(AN11:AN20) -> 0 | AO21: =SUM(AO11:AO20) -> 0 | AP21: TOTALS | AU21: TOTAL | AV21: =SUM(AV11:AV20) -> 0
C22: Number of Hours Worked Per Week | F22: Percentage of Time Worked in Each Program | V22: **Fringe Benefits DO NOT have to be broken out by payment categories if it is easier to key one total for all Fringe. See Columns AF and AG** | AG22: ALTERNATE PAYROLL INFORMATION
A23: NP/PA's Name | B23: Discipline/Additional Role | C23: Budgeted | D23: Clinical | E23: Administrative | F23: Child Hlth | G23: Immunes | H23: Maternity | I23: Fam Plan | J23: STD | K23: TB | L23: Epidemiology | M23: BCCCP | N23: Adult Hlth | O23: Primary Care | P23: Pg Med Home | Q23: CC4C | R23: Behav Hlth-CH | S23: Behav Hlth-AH | T23: Behav Hlth - MH | U23: Other Serv | V23: Salary | W23: Bonus Pay | X23: FICA | Y23: Retirement | Z23: 401K | AA23: Workers Comp | AB23: Health Insur | AC23: Dental Insur | AD23: Life Insurance | AE23: Disability Ins | AF23: Other Fringe | AG23: Salary | AH23: Fringe | AI23: TOTAL NUMBER OF VISITS | AJ23: TOTAL IMMUNE VISITS | AK23: TOTAL PAYMENTS | AQ23: $78 per visit 20 per day or 2.5 per hour
AG24: =V24+W24 -> 0 | AH24: =SUM(X24:AF24) -> 0 | AM24: PLEASE | AN24: =IFERROR((E24/C24)*(AG24+AH24),0) -> 0 | AO24: =(E24*2.5)*78 -> 0 | AV24: =IFERROR((AG24+AH24)/(C24*52),0) -> 0 | AW24: =(F24*0.01)*(AG24+AH24) -> 0 | AX24: =(G24*0.01)*(AG24+AH24) -> 0 | AY24: =(H24*0.01)*(AG24+AH24) -> 0 | AZ24: =(I24*0.01)*(AG24+AH24) -> 0 | BA24: =(J24*0.01)*(AG24+AH24) -> 0 | BB24: =(K24*0.01)*(AG24+AH24) -> 0 | BC24: =(L24*0.01)*(AG24+AH24) -> 0 | BD24: =(M24*0.01)*(AG24+AH24) -> 0 | BE24: =(N24*0.01)*(AG24+AH24) -> 0 | BF24: =(O24*0.01)*(AG24+AH24) -> 0 | BG24: =(P24*0.01)*(AG24+AH24) -> 0 | BH24: =(Q24*0.01)*(AG24+AH24) -> 0 | BI24: =(R24*0.01)*(AG24+AH24) -> 0 | BJ24: =(S24*0.01)*(AG24+AH24) -> 0 | BK24: =(T24*0.01)*(AG24+AH24) -> 0 | BL24: =(U24*0.01)*(AG24+AH24) -> 0
AG25: =V25+W25 -> 0 | AH25: =SUM(X25:AF25) -> 0 | AM25: DO | AN25: =IFERROR((E25/C25)*(AG25+AH25),0) -> 0 | AO25: =(E25*2.5)*78 -> 0 | AV25: =IFERROR((AG25+AH25)/(C25*52),0) -> 0 | AW25: =(F25*0.01)*(AG25+AH25) -> 0 | AX25: =(G25*0.01)*(AG25+AH25) -> 0 | AY25: =(H25*0.01)*(AG25+AH25) -> 0 | AZ25: =(I25*0.01)*(AG25+AH25) -> 0 | BA25: =(J25*0.01)*(AG25+AH25) -> 0 | BB25: =(K25*0.01)*(AG25+AH25) -> 0 | BC25: =(L25*0.01)*(AG25+AH25) -> 0 | BD25: =(M25*0.01)*(AG25+AH25) -> 0 | BE25: =(N25*0.01)*(AG25+AH25) -> 0 | BF25: =(O25*0.01)*(AG25+AH25) -> 0 | BG25: =(P25*0.01)*(AG25+AH25) -> 0 | BH25: =(Q25*0.01)*(AG25+AH25) -> 0 | BI25: =(R25*0.01)*(AG25+AH25) -> 0 | BJ25: =(S25*0.01)*(AG25+AH25) -> 0 | BK25: =(T25*0.01)*(AG25+AH25) -> 0 | BL25: =(U25*0.01)*(AG25+AH25) -> 0
AG26: =V26+W26 -> 0 | AH26: =SUM(X26:AF26) -> 0 | AM26: NOT | AN26: =IFERROR((E26/C26)*(AG26+AH26),0) -> 0 | AO26: =(E26*2.5)*78 -> 0 | AV26: =IFERROR((AG26+AH26)/(C26*52),0) -> 0 | AW26: =(F26*0.01)*(AG26+AH26) -> 0 | AX26: =(G26*0.01)*(AG26+AH26) -> 0 | AY26: =(H26*0.01)*(AG26+AH26) -> 0 | AZ26: =(I26*0.01)*(AG26+AH26) -> 0 | BA26: =(J26*0.01)*(AG26+AH26) -> 0 | BB26: =(K26*0.01)*(AG26+AH26) -> 0 | BC26: =(L26*0.01)*(AG26+AH26) -> 0 | BD26: =(M26*0.01)*(AG26+AH26) -> 0 | BE26: =(N26*0.01)*(AG26+AH26) -> 0 | BF26: =(O26*0.01)*(AG26+AH26) -> 0 | BG26: =(P26*0.01)*(AG26+AH26) -> 0 | BH26: =(Q26*0.01)*(AG26+AH26) -> 0 | BI26: =(R26*0.01)*(AG26+AH26) -> 0 | BJ26: =(S26*0.01)*(AG26+AH26) -> 0 | BK26: =(T26*0.01)*(AG26+AH26) -> 0 | BL26: =(U26*0.01)*(AG26+AH26) -> 0
AG27: =V27+W27 -> 0 | AH27: =SUM(X27:AF27) -> 0 | AM27: KEY | AN27: =IFERROR((E27/C27)*(AG27+AH27),0) -> 0 | AO27: =(E27*2.5)*78 -> 0 | AV27: =IFERROR((AG27+AH27)/(C27*52),0) -> 0 | AW27: =(F27*0.01)*(AG27+AH27) -> 0 | AX27: =(G27*0.01)*(AG27+AH27) -> 0 | AY27: =(H27*0.01)*(AG27+AH27) -> 0 | AZ27: =(I27*0.01)*(AG27+AH27) -> 0 | BA27: =(J27*0.01)*(AG27+AH27) -> 0 | BB27: =(K27*0.01)*(AG27+AH27) -> 0 | BC27: =(L27*0.01)*(AG27+AH27) -> 0 | BD27: =(M27*0.01)*(AG27+AH27) -> 0 | BE27: =(N27*0.01)*(AG27+AH27) -> 0 | BF27: =(O27*0.01)*(AG27+AH27) -> 0 | BG27: =(P27*0.01)*(AG27+AH27) -> 0 | BH27: =(Q27*0.01)*(AG27+AH27) -> 0 | BI27: =(R27*0.01)*(AG27+AH27) -> 0 | BJ27: =(S27*0.01)*(AG27+AH27) -> 0 | BK27: =(T27*0.01)*(AG27+AH27) -> 0 | BL27: =(U27*0.01)*(AG27+AH27) -> 0
AG28: =V28+W28 -> 0 | AH28: =SUM(X28:AF28) -> 0 | AM28: ANY | AN28: =IFERROR((E28/C28)*(AG28+AH28),0) -> 0 | AO28: =(E28*2.5)*78 -> 0 | AV28: =IFERROR((AG28+AH28)/(C28*52),0) -> 0 | AW28: =(F28*0.01)*(AG28+AH28) -> 0 | AX28: =(G28*0.01)*(AG28+AH28) -> 0 | AY28: =(H28*0.01)*(AG28+AH28) -> 0 | AZ28: =(I28*0.01)*(AG28+AH28) -> 0 | BA28: =(J28*0.01)*(AG28+AH28) -> 0 | BB28: =(K28*0.01)*(AG28+AH28) -> 0 | BC28: =(L28*0.01)*(AG28+AH28) -> 0 | BD28: =(M28*0.01)*(AG28+AH28) -> 0 | BE28: =(N28*0.01)*(AG28+AH28) -> 0 | BF28: =(O28*0.01)*(AG28+AH28) -> 0 | BG28: =(P28*0.01)*(AG28+AH28) -> 0 | BH28: =(Q28*0.01)*(AG28+AH28) -> 0 | BI28: =(R28*0.01)*(AG28+AH28) -> 0 | BJ28: =(S28*0.01)*(AG28+AH28) -> 0 | BK28: =(T28*0.01)*(AG28+AH28) -> 0 | BL28: =(U28*0.01)*(AG28+AH28) -> 0
AG29: =V29+W29 -> 0 | AH29: =SUM(X29:AF29) -> 0 | AM29: INFORMATION | AN29: =IFERROR((E29/C29)*(AG29+AH29),0) -> 0 | AO29: =(E29*2.5)*78 -> 0 | AV29: =IFERROR((AG29+AH29)/(C29*52),0) -> 0 | AW29: =(F29*0.01)*(AG29+AH29) -> 0 | AX29: =(G29*0.01)*(AG29+AH29) -> 0 | AY29: =(H29*0.01)*(AG29+AH29) -> 0 | AZ29: =(I29*0.01)*(AG29+AH29) -> 0 | BA29: =(J29*0.01)*(AG29+AH29) -> 0 | BB29: =(K29*0.01)*(AG29+AH29) -> 0 | BC29: =(L29*0.01)*(AG29+AH29) -> 0 | BD29: =(M29*0.01)*(AG29+AH29) -> 0 | BE29: =(N29*0.01)*(AG29+AH29) -> 0 | BF29: =(O29*0.01)*(AG29+AH29) -> 0 | BG29: =(P29*0.01)*(AG29+AH29) -> 0 | BH29: =(Q29*0.01)*(AG29+AH29) -> 0 | BI29: =(R29*0.01)*(AG29+AH29) -> 0 | BJ29: =(S29*0.01)*(AG29+AH29) -> 0 | BK29: =(T29*0.01)*(AG29+AH29) -> 0 | BL29: =(U29*0.01)*(AG29+AH29) -> 0
AG30: =V30+W30 -> 0 | AH30: =SUM(X30:AF30) -> 0 | AM30: IN | AN30: =IFERROR((E30/C30)*(AG30+AH30),0) -> 0 | AO30: =(E30*2.5)*78 -> 0 | AV30: =IFERROR((AG30+AH30)/(C30*52),0) -> 0 | AW30: =(F30*0.01)*(AG30+AH30) -> 0 | AX30: =(G30*0.01)*(AG30+AH30) -> 0 | AY30: =(H30*0.01)*(AG30+AH30) -> 0 | AZ30: =(I30*0.01)*(AG30+AH30) -> 0 | BA30: =(J30*0.01)*(AG30+AH30) -> 0 | BB30: =(K30*0.01)*(AG30+AH30) -> 0 | BC30: =(L30*0.01)*(AG30+AH30) -> 0 | BD30: =(M30*0.01)*(AG30+AH30) -> 0 | BE30: =(N30*0.01)*(AG30+AH30) -> 0 | BF30: =(O30*0.01)*(AG30+AH30) -> 0 | BG30: =(P30*0.01)*(AG30+AH30) -> 0 | BH30: =(Q30*0.01)*(AG30+AH30) -> 0 | BI30: =(R30*0.01)*(AG30+AH30) -> 0 | BJ30: =(S30*0.01)*(AG30+AH30) -> 0 | BK30: =(T30*0.01)*(AG30+AH30) -> 0 | BL30: =(U30*0.01)*(AG30+AH30) -> 0
AG31: =V31+W31 -> 0 | AH31: =SUM(X31:AF31) -> 0 | AM31: THE | AN31: =IFERROR((E31/C31)*(AG31+AH31),0) -> 0 | AO31: =(E31*2.5)*78 -> 0 | AV31: =IFERROR((AG31+AH31)/(C31*52),0) -> 0 | AW31: =(F31*0.01)*(AG31+AH31) -> 0 | AX31: =(G31*0.01)*(AG31+AH31) -> 0 | AY31: =(H31*0.01)*(AG31+AH31) -> 0 | AZ31: =(I31*0.01)*(AG31+AH31) -> 0 | BA31: =(J31*0.01)*(AG31+AH31) -> 0 | BB31: =(K31*0.01)*(AG31+AH31) -> 0 | BC31: =(L31*0.01)*(AG31+AH31) -> 0 | BD31: =(M31*0.01)*(AG31+AH31) -> 0 | BE31: =(N31*0.01)*(AG31+AH31) -> 0 | BF31: =(O31*0.01)*(AG31+AH31) -> 0 | BG31: =(P31*0.01)*(AG31+AH31) -> 0 | BH31: =(Q31*0.01)*(AG31+AH31) -> 0 | BI31: =(R31*0.01)*(AG31+AH31) -> 0 | BJ31: =(S31*0.01)*(AG31+AH31) -> 0 | BK31: =(T31*0.01)*(AG31+AH31) -> 0 | BL31: =(U31*0.01)*(AG31+AH31) -> 0
AG32: =V32+W32 -> 0 | AH32: =SUM(X32:AF32) -> 0 | AM32: COLUMNS | AN32: =IFERROR((E32/C32)*(AG32+AH32),0) -> 0 | AO32: =(E32*2.5)*78 -> 0 | AV32: =IFERROR((AG32+AH32)/(C32*52),0) -> 0 | AW32: =(F32*0.01)*(AG32+AH32) -> 0 | AX32: =(G32*0.01)*(AG32+AH32) -> 0 | AY32: =(H32*0.01)*(AG32+AH32) -> 0 | AZ32: =(I32*0.01)*(AG32+AH32) -> 0 | BA32: =(J32*0.01)*(AG32+AH32) -> 0 | BB32: =(K32*0.01)*(AG32+AH32) -> 0 | BC32: =(L32*0.01)*(AG32+AH32) -> 0 | BD32: =(M32*0.01)*(AG32+AH32) -> 0 | BE32: =(N32*0.01)*(AG32+AH32) -> 0 | BF32: =(O32*0.01)*(AG32+AH32) -> 0 | BG32: =(P32*0.01)*(AG32+AH32) -> 0 | BH32: =(Q32*0.01)*(AG32+AH32) -> 0 | BI32: =(R32*0.01)*(AG32+AH32) -> 0 | BJ32: =(S32*0.01)*(AG32+AH32) -> 0 | BK32: =(T32*0.01)*(AG32+AH32) -> 0 | BL32: =(U32*0.01)*(AG32+AH32) -> 0
AG33: =V33+W33 -> 0 | AH33: =SUM(X33:AF33) -> 0 | AM33: TO | AN33: =IFERROR((E33/C33)*(AG33+AH33),0) -> 0 | AO33: =(E33*2.5)*78 -> 0 | AV33: =IFERROR((AG33+AH33)/(C33*52),0) -> 0 | AW33: =(F33*0.01)*(AG33+AH33) -> 0 | AX33: =(G33*0.01)*(AG33+AH33) -> 0 | AY33: =(H33*0.01)*(AG33+AH33) -> 0 | AZ33: =(I33*0.01)*(AG33+AH33) -> 0 | BA33: =(J33*0.01)*(AG33+AH33) -> 0 | BB33: =(K33*0.01)*(AG33+AH33) -> 0 | BC33: =(L33*0.01)*(AG33+AH33) -> 0 | BD33: =(M33*0.01)*(AG33+AH33) -> 0 | BE33: =(N33*0.01)*(AG33+AH33) -> 0 | BF33: =(O33*0.01)*(AG33+AH33) -> 0 | BG33: =(P33*0.01)*(AG33+AH33) -> 0 | BH33: =(Q33*0.01)*(AG33+AH33) -> 0 | BI33: =(R33*0.01)*(AG33+AH33) -> 0 | BJ33: =(S33*0.01)*(AG33+AH33) -> 0 | BK33: =(T33*0.01)*(AG33+AH33) -> 0 | BL33: =(U33*0.01)*(AG33+AH33) -> 0
AG34: =V34+W34 -> 0 | AH34: =SUM(X34:AF34) -> 0 | AM34: THE | AN34: =IFERROR((E34/C34)*(AG34+AH34),0) -> 0 | AO34: =(E34*2.5)*78 -> 0 | AV34: =IFERROR((AG34+AH34)/(C34*52),0) -> 0 | AW34: =(F34*0.01)*(AG34+AH34) -> 0 | AX34: =(G34*0.01)*(AG34+AH34) -> 0 | AY34: =(H34*0.01)*(AG34+AH34) -> 0 | AZ34: =(I34*0.01)*(AG34+AH34) -> 0 | BA34: =(J34*0.01)*(AG34+AH34) -> 0 | BB34: =(K34*0.01)*(AG34+AH34) -> 0 | BC34: =(L34*0.01)*(AG34+AH34) -> 0 | BD34: =(M34*0.01)*(AG34+AH34) -> 0 | BE34: =(N34*0.01)*(AG34+AH34) -> 0 | BF34: =(O34*0.01)*(AG34+AH34) -> 0 | BG34: =(P34*0.01)*(AG34+AH34) -> 0 | BH34: =(Q34*0.01)*(AG34+AH34) -> 0 | BI34: =(R34*0.01)*(AG34+AH34) -> 0 | BJ34: =(S34*0.01)*(AG34+AH34) -> 0 | BK34: =(T34*0.01)*(AG34+AH34) -> 0 | BL34: =(U34*0.01)*(AG34+AH34) -> 0
AG35: =V35+W35 -> 0 | AH35: =SUM(X35:AF35) -> 0 | AM35: RIGHT | AN35: =IFERROR((E35/C35)*(AG35+AH35),0) -> 0 | AO35: =(E35*2.5)*78 -> 0 | AV35: =IFERROR((AG35+AH35)/(C35*52),0) -> 0 | AW35: =(F35*0.01)*(AG35+AH35) -> 0 | AX35: =(G35*0.01)*(AG35+AH35) -> 0 | AY35: =(H35*0.01)*(AG35+AH35) -> 0 | AZ35: =(I35*0.01)*(AG35+AH35) -> 0 | BA35: =(J35*0.01)*(AG35+AH35) -> 0 | BB35: =(K35*0.01)*(AG35+AH35) -> 0 | BC35: =(L35*0.01)*(AG35+AH35) -> 0 | BD35: =(M35*0.01)*(AG35+AH35) -> 0 | BE35: =(N35*0.01)*(AG35+AH35) -> 0 | BF35: =(O35*0.01)*(AG35+AH35) -> 0 | BG35: =(P35*0.01)*(AG35+AH35) -> 0 | BH35: =(Q35*0.01)*(AG35+AH35) -> 0 | BI35: =(R35*0.01)*(AG35+AH35) -> 0 | BJ35: =(S35*0.01)*(AG35+AH35) -> 0 | BK35: =(T35*0.01)*(AG35+AH35) -> 0 | BL35: =(U35*0.01)*(AG35+AH35) -> 0
AG36: =V36+W36 -> 0 | AH36: =SUM(X36:AF36) -> 0 | AN36: =IFERROR((E36/C36)*(AG36+AH36),0) -> 0 | AO36: =(E36*2.5)*78 -> 0 | AV36: =IFERROR((AG36+AH36)/(C36*52),0) -> 0 | AW36: =(F36*0.01)*(AG36+AH36) -> 0 | AX36: =(G36*0.01)*(AG36+AH36) -> 0 | AY36: =(H36*0.01)*(AG36+AH36) -> 0 | AZ36: =(I36*0.01)*(AG36+AH36) -> 0 | BA36: =(J36*0.01)*(AG36+AH36) -> 0 | BB36: =(K36*0.01)*(AG36+AH36) -> 0 | BC36: =(L36*0.01)*(AG36+AH36) -> 0 | BD36: =(M36*0.01)*(AG36+AH36) -> 0 | BE36: =(N36*0.01)*(AG36+AH36) -> 0 | BF36: =(O36*0.01)*(AG36+AH36) -> 0 | BG36: =(P36*0.01)*(AG36+AH36) -> 0 | BH36: =(Q36*0.01)*(AG36+AH36) -> 0 | BI36: =(R36*0.01)*(AG36+AH36) -> 0 | BJ36: =(S36*0.01)*(AG36+AH36) -> 0 | BK36: =(T36*0.01)*(AG36+AH36) -> 0 | BL36: =(U36*0.01)*(AG36+AH36) -> 0
AG37: =V37+W37 -> 0 | AH37: =SUM(X37:AF37) -> 0 | AN37: =IFERROR((E37/C37)*(AG37+AH37),0) -> 0 | AO37: =(E37*2.5)*78 -> 0 | AV37: =IFERROR((AG37+AH37)/(C37*52),0) -> 0 | AW37: =(F37*0.01)*(AG37+AH37) -> 0 | AX37: =(G37*0.01)*(AG37+AH37) -> 0 | AY37: =(H37*0.01)*(AG37+AH37) -> 0 | AZ37: =(I37*0.01)*(AG37+AH37) -> 0 | BA37: =(J37*0.01)*(AG37+AH37) -> 0 | BB37: =(K37*0.01)*(AG37+AH37) -> 0 | BC37: =(L37*0.01)*(AG37+AH37) -> 0 | BD37: =(M37*0.01)*(AG37+AH37) -> 0 | BE37: =(N37*0.01)*(AG37+AH37) -> 0 | BF37: =(O37*0.01)*(AG37+AH37) -> 0 | BG37: =(P37*0.01)*(AG37+AH37) -> 0 | BH37: =(Q37*0.01)*(AG37+AH37) -> 0 | BI37: =(R37*0.01)*(AG37+AH37) -> 0 | BJ37: =(S37*0.01)*(AG37+AH37) -> 0 | BK37: =(T37*0.01)*(AG37+AH37) -> 0 | BL37: =(U37*0.01)*(AG37+AH37) -> 0
AG38: =V38+W38 -> 0 | AH38: =SUM(X38:AF38) -> 0 | AN38: =IFERROR((E38/C38)*(AG38+AH38),0) -> 0 | AO38: =(E38*2.5)*78 -> 0 | AV38: =IFERROR((AG38+AH38)/(C38*52),0) -> 0 | AW38: =(F38*0.01)*(AG38+AH38) -> 0 | AX38: =(G38*0.01)*(AG38+AH38) -> 0 | AY38: =(H38*0.01)*(AG38+AH38) -> 0 | AZ38: =(I38*0.01)*(AG38+AH38) -> 0 | BA38: =(J38*0.01)*(AG38+AH38) -> 0 | BB38: =(K38*0.01)*(AG38+AH38) -> 0 | BC38: =(L38*0.01)*(AG38+AH38) -> 0 | BD38: =(M38*0.01)*(AG38+AH38) -> 0 | BE38: =(N38*0.01)*(AG38+AH38) -> 0 | BF38: =(O38*0.01)*(AG38+AH38) -> 0 | BG38: =(P38*0.01)*(AG38+AH38) -> 0 | BH38: =(Q38*0.01)*(AG38+AH38) -> 0 | BI38: =(R38*0.01)*(AG38+AH38) -> 0 | BJ38: =(S38*0.01)*(AG38+AH38) -> 0 | BK38: =(T38*0.01)*(AG38+AH38) -> 0 | BL38: =(U38*0.01)*(AG38+AH38) -> 0
AG39: =V39+W39 -> 0 | AH39: =SUM(X39:AF39) -> 0 | AN39: =IFERROR((E39/C39)*(AG39+AH39),0) -> 0 | AO39: =(E39*2.5)*78 -> 0 | AV39: =IFERROR((AG39+AH39)/(C39*52),0) -> 0 | AW39: =(F39*0.01)*(AG39+AH39) -> 0 | AX39: =(G39*0.01)*(AG39+AH39) -> 0 | AY39: =(H39*0.01)*(AG39+AH39) -> 0 | AZ39: =(I39*0.01)*(AG39+AH39) -> 0 | BA39: =(J39*0.01)*(AG39+AH39) -> 0 | BB39: =(K39*0.01)*(AG39+AH39) -> 0 | BC39: =(L39*0.01)*(AG39+AH39) -> 0 | BD39: =(M39*0.01)*(AG39+AH39) -> 0 | BE39: =(N39*0.01)*(AG39+AH39) -> 0 | BF39: =(O39*0.01)*(AG39+AH39) -> 0 | BG39: =(P39*0.01)*(AG39+AH39) -> 0 | BH39: =(Q39*0.01)*(AG39+AH39) -> 0 | BI39: =(R39*0.01)*(AG39+AH39) -> 0 | BJ39: =(S39*0.01)*(AG39+AH39) -> 0 | BK39: =(T39*0.01)*(AG39+AH39) -> 0 | BL39: =(U39*0.01)*(AG39+AH39) -> 0
A40: =COUNTA(A24:A39) -> 0 | B40: TOTALS | C40: =SUM(C23:C39) -> 0 | D40: =SUM(D23:D39) -> 0 | E40: =SUM(E23:E39) -> 0 | V40: =SUM(V24:V39) -> 0 | W40: =SUM(W24:W39) -> 0 | X40: =SUM(X24:X39) -> 0 | Y40: =SUM(Y24:Y39) -> 0 | Z40: =SUM(Z24:Z39) -> 0 | AA40: =SUM(AA24:AA39) -> 0 | AB40: =SUM(AB24:AB39) -> 0 | AC40: =SUM(AC24:AC39) -> 0 | ... AK40: =SUM(AK24:AK39) -> 0 | AN40: =SUM(AN24:AN39) -> 0 | AO40: =SUM(AO24:AO39) -> 0 | AP40: TOTALS | AU40: TOTAL | AV40: =SUM(AV24:AV39) -> 0
C41: Number of Hours Worked Per Week | F41: Percentage of Time Worked in Each Program | V41: **Fringe Benefits DO NOT have to be broken out by payment categories if it is easier to key one total for all Fringe. See Columns AF and AG** | AG41: ALTERNATE PAYROLL INFORMATION
A42: CH ERN's Name | B42: Discipline/Additional Role | C42: Budgeted | D42: Clinical | E42: Administrative | F42: Child Hlth | G42: Immunes | H42: Maternity | I42: Fam Plan | J42: STD | K42: TB | L42: Epidemiology | M42: BCCCP | N42: Adult Hlth | O42: Primary Care | P42: Pg Med Home | Q42: CC4C | R42: Behav Hlth-CH | S42: Behav Hlth-AH | T42: Behav Hlth - MH | U42: Other Serv | V42: Salary | W42: Bonus Pay | X42: FICA | Y42: Retirement | Z42: 401K | AA42: Workers Comp | AB42: Health Insur | AC42: Dental Insur | AD42: Life Insurance | AE42: Disability Ins | AF42: Other Fringe | AG42: Salary | AH42: Fringe | AI42: TOTAL NUMBER OF VISITS | AJ42: TOTAL IMMUNE VISITS | AK42: TOTAL PAYMENTS
AG43: =V43+W43 -> 0 | AH43: =SUM(X43:AF43) -> 0 | AM43: PLEASE | AN43: =IFERROR((E43/C43)*(AG43+AH43),0) -> 0 | AO43: =(E43*0.75)*90 -> 0 | AQ43: $90 per visit 6 per day or .75 per hour | AV43: =IFERROR((AG43+AH43)/(C43*52),0) -> 0 | AW43: =(F43*0.01)*(AG43+AH43) -> 0 | AX43: =(G43*0.01)*(AG43+AH43) -> 0 | AY43: =(H43*0.01)*(AG43+AH43) -> 0 | AZ43: =(I43*0.01)*(AG43+AH43) -> 0 | BA43: =(J43*0.01)*(AG43+AH43) -> 0 | BB43: =(K43*0.01)*(AG43+AH43) -> 0 | BC43: =(L43*0.01)*(AG43+AH43) -> 0 | BD43: =(M43*0.01)*(AG43+AH43) -> 0 | BE43: =(N43*0.01)*(AG43+AH43) -> 0 | BF43: =(O43*0.01)*(AG43+AH43) -> 0 | BG43: =(P43*0.01)*(AG43+AH43) -> 0 | BH43: =(Q43*0.01)*(AG43+AH43) -> 0 | BI43: =(R43*0.01)*(AG43+AH43) -> 0 | BJ43: =(S43*0.01)*(AG43+AH43) -> 0 | BK43: =(T43*0.01)*(AG43+AH43) -> 0 | BL43: =(U43*0.01)*(AG43+AH43) -> 0
AG44: =V44+W44 -> 0 | AH44: =SUM(X44:AF44) -> 0 | AM44: DO | AN44: =IFERROR((E44/C44)*(AG44+AH44),0) -> 0 | AO44: =(E44*0.75)*90 -> 0 | AV44: =IFERROR((AG44+AH44)/(C44*52),0) -> 0 | AW44: =(F44*0.01)*(AG44+AH44) -> 0 | AX44: =(G44*0.01)*(AG44+AH44) -> 0 | AY44: =(H44*0.01)*(AG44+AH44) -> 0 | AZ44: =(I44*0.01)*(AG44+AH44) -> 0 | BA44: =(J44*0.01)*(AG44+AH44) -> 0 | BB44: =(K44*0.01)*(AG44+AH44) -> 0 | BC44: =(L44*0.01)*(AG44+AH44) -> 0 | BD44: =(M44*0.01)*(AG44+AH44) -> 0 | BE44: =(N44*0.01)*(AG44+AH44) -> 0 | BF44: =(O44*0.01)*(AG44+AH44) -> 0 | BG44: =(P44*0.01)*(AG44+AH44) -> 0 | BH44: =(Q44*0.01)*(AG44+AH44) -> 0 | BI44: =(R44*0.01)*(AG44+AH44) -> 0 | BJ44: =(S44*0.01)*(AG44+AH44) -> 0 | BK44: =(T44*0.01)*(AG44+AH44) -> 0 | BL44: =(U44*0.01)*(AG44+AH44) -> 0
AG45: =V45+W45 -> 0 | AH45: =SUM(X45:AF45) -> 0 | AM45: NOT | AN45: =IFERROR((E45/C45)*(AG45+AH45),0) -> 0 | AO45: =(E45*0.75)*90 -> 0 | AV45: =IFERROR((AG45+AH45)/(C45*52),0) -> 0 | AW45: =(F45*0.01)*(AG45+AH45) -> 0 | AX45: =(G45*0.01)*(AG45+AH45) -> 0 | AY45: =(H45*0.01)*(AG45+AH45) -> 0 | AZ45: =(I45*0.01)*(AG45+AH45) -> 0 | BA45: =(J45*0.01)*(AG45+AH45) -> 0 | BB45: =(K45*0.01)*(AG45+AH45) -> 0 | BC45: =(L45*0.01)*(AG45+AH45) -> 0 | BD45: =(M45*0.01)*(AG45+AH45) -> 0 | BE45: =(N45*0.01)*(AG45+AH45) -> 0 | BF45: =(O45*0.01)*(AG45+AH45) -> 0 | BG45: =(P45*0.01)*(AG45+AH45) -> 0 | BH45: =(Q45*0.01)*(AG45+AH45) -> 0 | BI45: =(R45*0.01)*(AG45+AH45) -> 0 | BJ45: =(S45*0.01)*(AG45+AH45) -> 0 | BK45: =(T45*0.01)*(AG45+AH45) -> 0 | BL45: =(U45*0.01)*(AG45+AH45) -> 0
AG46: =V46+W46 -> 0 | AH46: =SUM(X46:AF46) -> 0 | AM46: KEY | AN46: =IFERROR((E46/C46)*(AG46+AH46),0) -> 0 | AO46: =(E46*0.75)*90 -> 0 | AV46: =IFERROR((AG46+AH46)/(C46*52),0) -> 0 | AW46: =(F46*0.01)*(AG46+AH46) -> 0 | AX46: =(G46*0.01)*(AG46+AH46) -> 0 | AY46: =(H46*0.01)*(AG46+AH46) -> 0 | AZ46: =(I46*0.01)*(AG46+AH46) -> 0 | BA46: =(J46*0.01)*(AG46+AH46) -> 0 | BB46: =(K46*0.01)*(AG46+AH46) -> 0 | BC46: =(L46*0.01)*(AG46+AH46) -> 0 | BD46: =(M46*0.01)*(AG46+AH46) -> 0 | BE46: =(N46*0.01)*(AG46+AH46) -> 0 | BF46: =(O46*0.01)*(AG46+AH46) -> 0 | BG46: =(P46*0.01)*(AG46+AH46) -> 0 | BH46: =(Q46*0.01)*(AG46+AH46) -> 0 | BI46: =(R46*0.01)*(AG46+AH46) -> 0 | BJ46: =(S46*0.01)*(AG46+AH46) -> 0 | BK46: =(T46*0.01)*(AG46+AH46) -> 0 | BL46: =(U46*0.01)*(AG46+AH46) -> 0
AG47: =V47+W47 -> 0 | AH47: =SUM(X47:AF47) -> 0 | AM47: ANY | AN47: =IFERROR((E47/C47)*(AG47+AH47),0) -> 0 | AO47: =(E47*0.75)*90 -> 0 | AV47: =IFERROR((AG47+AH47)/(C47*52),0) -> 0 | AW47: =(F47*0.01)*(AG47+AH47) -> 0 | AX47: =(G47*0.01)*(AG47+AH47) -> 0 | AY47: =(H47*0.01)*(AG47+AH47) -> 0 | AZ47: =(I47*0.01)*(AG47+AH47) -> 0 | BA47: =(J47*0.01)*(AG47+AH47) -> 0 | BB47: =(K47*0.01)*(AG47+AH47) -> 0 | BC47: =(L47*0.01)*(AG47+AH47) -> 0 | BD47: =(M47*0.01)*(AG47+AH47) -> 0 | BE47: =(N47*0.01)*(AG47+AH47) -> 0 | BF47: =(O47*0.01)*(AG47+AH47) -> 0 | BG47: =(P47*0.01)*(AG47+AH47) -> 0 | BH47: =(Q47*0.01)*(AG47+AH47) -> 0 | BI47: =(R47*0.01)*(AG47+AH47) -> 0 | BJ47: =(S47*0.01)*(AG47+AH47) -> 0 | BK47: =(T47*0.01)*(AG47+AH47) -> 0 | BL47: =(U47*0.01)*(AG47+AH47) -> 0
AG48: =V48+W48 -> 0 | AH48: =SUM(X48:AF48) -> 0 | AM48: INFORMATION | AN48: =IFERROR((E48/C48)*(AG48+AH48),0) -> 0 | AO48: =(E48*0.75)*90 -> 0 | AV48: =IFERROR((AG48+AH48)/(C48*52),0) -> 0 | AW48: =(F48*0.01)*(AG48+AH48) -> 0 | AX48: =(G48*0.01)*(AG48+AH48) -> 0 | AY48: =(H48*0.01)*(AG48+AH48) -> 0 | AZ48: =(I48*0.01)*(AG48+AH48) -> 0 | BA48: =(J48*0.01)*(AG48+AH48) -> 0 | BB48: =(K48*0.01)*(AG48+AH48) -> 0 | BC48: =(L48*0.01)*(AG48+AH48) -> 0 | BD48: =(M48*0.01)*(AG48+AH48) -> 0 | BE48: =(N48*0.01)*(AG48+AH48) -> 0 | BF48: =(O48*0.01)*(AG48+AH48) -> 0 | BG48: =(P48*0.01)*(AG48+AH48) -> 0 | BH48: =(Q48*0.01)*(AG48+AH48) -> 0 | BI48: =(R48*0.01)*(AG48+AH48) -> 0 | BJ48: =(S48*0.01)*(AG48+AH48) -> 0 | BK48: =(T48*0.01)*(AG48+AH48) -> 0 | BL48: =(U48*0.01)*(AG48+AH48) -> 0
A49: =COUNTA(A43:A48) -> 0 | B49: TOTALS | C49: =SUM(C43:C48) -> 0 | D49: =SUM(D43:D48) -> 0 | E49: =SUM(E43:E48) -> 0 | V49: =SUM(V43:V48) -> 0 | W49: =SUM(W43:W48) -> 0 | X49: =SUM(X43:X48) -> 0 | Y49: =SUM(Y43:Y48) -> 0 | Z49: =SUM(Z43:Z48) -> 0 | AA49: =SUM(AA43:AA48) -> 0 | AB49: =SUM(AB43:AB48) -> 0 | AC49: =SUM(AC43:AC48) -> 0 | ... AF49: =SUM(AF43:AF48) -> 0 | AG49: =V49+W49 -> 0 | AH49: =SUM(X49:AF49) -> 0 | AI49: =SUM(AI43:AI48) -> 0 | AJ49: =SUM(AJ43:AJ48) -> 0 | AK49: =SUM(AK43:AK48) -> 0 | AM49: IN | AN49: =SUM(AN43:AN48) -> 0 | AO49: =SUM(AO43:AO48) -> 0 | AP49: TOTALS | AU49: TOTAL | AV49: =SUM(AV43:AV48) -> 0
C50: Number of Hours Worked Per Week | F50: Percentage of Time Worked in Each Program | V50: **Fringe Benefits DO NOT have to be broken out by payment categories if it is easier to key one total for all Fringe. See Columns AF and AG** | AG50: ALTERNATE PAYROLL INFORMATION | AM50: THE
A51: STD ERN's Name | B51: Discipline/Additional Role | C51: Budgeted | D51: Clinical | E51: Administrative | F51: Child Hlth | G51: Immunes | H51: Maternity | I51: Fam Plan | J51: STD | K51: TB | L51: Epidemiology | M51: BCCCP | N51: Adult Hlth | O51: Primary Care | P51: Pg Med Home | Q51: CC4C | R51: Behav Hlth-CH | S51: Behav Hlth-AH | T51: Behav Hlth - MH | U51: Other Serv | V51: Salary | W51: Bonus Pay | X51: FICA | Y51: Retirement | Z51: 401K | AA51: Workers Comp | AB51: Health Insur | AC51: Dental Insur | AD51: Life Insurance | AE51: Disability Ins | AF51: Other Fringe | AG51: Salary | AH51: Fringe | AI51: TOTAL NUMBER OF VISITS | AJ51: TOTAL IMMUNE VISITS | AK51: TOTAL PAYMENTS | AM51: COLUMNS
AG52: =V52+W52 -> 0 | AH52: =SUM(X52:AF52) -> 0 | AM52: TO | AN52: =IFERROR((E52/C52)*(AG52+AH52),0) -> 0 | AO52: =(E52*1.25)*45 -> 0 | AQ52: $45 per visit 10 per day or 1.25 per hour | AV52: =IFERROR((AG52+AH52)/(C52*52),0) -> 0 | AW52: =(F52*0.01)*(AG52+AH52) -> 0 | AX52: =(G52*0.01)*(AG52+AH52) -> 0 | AY52: =(H52*0.01)*(AG52+AH52) -> 0 | AZ52: =(I52*0.01)*(AG52+AH52) -> 0 | BA52: =(J52*0.01)*(AG52+AH52) -> 0 | BB52: =(K52*0.01)*(AG52+AH52) -> 0 | BC52: =(L52*0.01)*(AG52+AH52) -> 0 | BD52: =(M52*0.01)*(AG52+AH52) -> 0 | BE52: =(N52*0.01)*(AG52+AH52) -> 0 | BF52: =(O52*0.01)*(AG52+AH52) -> 0 | BG52: =(P52*0.01)*(AG52+AH52) -> 0 | BH52: =(Q52*0.01)*(AG52+AH52) -> 0 | BI52: =(R52*0.01)*(AG52+AH52) -> 0 | BJ52: =(S52*0.01)*(AG52+AH52) -> 0 | BK52: =(T52*0.01)*(AG52+AH52) -> 0 | BL52: =(U52*0.01)*(AG52+AH52) -> 0
AG53: =V53+W53 -> 0 | AH53: =SUM(X53:AF53) -> 0 | AM53: THE | AN53: =IFERROR((E53/C53)*(AG53+AH53),0) -> 0 | AO53: =(E53*1.25)*45 -> 0 | AV53: =IFERROR((AG53+AH53)/(C53*52),0) -> 0 | AW53: =(F53*0.01)*(AG53+AH53) -> 0 | AX53: =(G53*0.01)*(AG53+AH53) -> 0 | AY53: =(H53*0.01)*(AG53+AH53) -> 0 | AZ53: =(I53*0.01)*(AG53+AH53) -> 0 | BA53: =(J53*0.01)*(AG53+AH53) -> 0 | BB53: =(K53*0.01)*(AG53+AH53) -> 0 | BC53: =(L53*0.01)*(AG53+AH53) -> 0 | BD53: =(M53*0.01)*(AG53+AH53) -> 0 | BE53: =(N53*0.01)*(AG53+AH53) -> 0 | BF53: =(O53*0.01)*(AG53+AH53) -> 0 | BG53: =(P53*0.01)*(AG53+AH53) -> 0 | BH53: =(Q53*0.01)*(AG53+AH53) -> 0 | BI53: =(R53*0.01)*(AG53+AH53) -> 0 | BJ53: =(S53*0.01)*(AG53+AH53) -> 0 | BK53: =(T53*0.01)*(AG53+AH53) -> 0 | BL53: =(U53*0.01)*(AG53+AH53) -> 0
AG54: =V54+W54 -> 0 | AH54: =SUM(X54:AF54) -> 0 | AM54: RIGHT | AN54: =IFERROR((E54/C54)*(AG54+AH54),0) -> 0 | AO54: =(E54*1.25)*45 -> 0 | AV54: =IFERROR((AG54+AH54)/(C54*52),0) -> 0 | AW54: =(F54*0.01)*(AG54+AH54) -> 0 | AX54: =(G54*0.01)*(AG54+AH54) -> 0 | AY54: =(H54*0.01)*(AG54+AH54) -> 0 | AZ54: =(I54*0.01)*(AG54+AH54) -> 0 | BA54: =(J54*0.01)*(AG54+AH54) -> 0 | BB54: =(K54*0.01)*(AG54+AH54) -> 0 | BC54: =(L54*0.01)*(AG54+AH54) -> 0 | BD54: =(M54*0.01)*(AG54+AH54) -> 0 | BE54: =(N54*0.01)*(AG54+AH54) -> 0 | BF54: =(O54*0.01)*(AG54+AH54) -> 0 | BG54: =(P54*0.01)*(AG54+AH54) -> 0 | BH54: =(Q54*0.01)*(AG54+AH54) -> 0 | BI54: =(R54*0.01)*(AG54+AH54) -> 0 | BJ54: =(S54*0.01)*(AG54+AH54) -> 0 | BK54: =(T54*0.01)*(AG54+AH54) -> 0 | BL54: =(U54*0.01)*(AG54+AH54) -> 0
AG55: =V55+W55 -> 0 | AH55: =SUM(X55:AF55) -> 0 | AN55: =IFERROR((E55/C55)*(AG55+AH55),0) -> 0 | AO55: =(E55*1.25)*45 -> 0 | AV55: =IFERROR((AG55+AH55)/(C55*52),0) -> 0 | AW55: =(F55*0.01)*(AG55+AH55) -> 0 | AX55: =(G55*0.01)*(AG55+AH55) -> 0 | AY55: =(H55*0.01)*(AG55+AH55) -> 0 | AZ55: =(I55*0.01)*(AG55+AH55) -> 0 | BA55: =(J55*0.01)*(AG55+AH55) -> 0 | BB55: =(K55*0.01)*(AG55+AH55) -> 0 | BC55: =(L55*0.01)*(AG55+AH55) -> 0 | BD55: =(M55*0.01)*(AG55+AH55) -> 0 | BE55: =(N55*0.01)*(AG55+AH55) -> 0 | BF55: =(O55*0.01)*(AG55+AH55) -> 0 | BG55: =(P55*0.01)*(AG55+AH55) -> 0 | BH55: =(Q55*0.01)*(AG55+AH55) -> 0 | BI55: =(R55*0.01)*(AG55+AH55) -> 0 | BJ55: =(S55*0.01)*(AG55+AH55) -> 0 | BK55: =(T55*0.01)*(AG55+AH55) -> 0 | BL55: =(U55*0.01)*(AG55+AH55) -> 0
AG56: =V56+W56 -> 0 | AH56: =SUM(X56:AF56) -> 0 | AN56: =IFERROR((E56/C56)*(AG56+AH56),0) -> 0 | AO56: =(E56*1.25)*45 -> 0 | AV56: =IFERROR((AG56+AH56)/(C56*52),0) -> 0 | AW56: =(F56*0.01)*(AG56+AH56) -> 0 | AX56: =(G56*0.01)*(AG56+AH56) -> 0 | AY56: =(H56*0.01)*(AG56+AH56) -> 0 | AZ56: =(I56*0.01)*(AG56+AH56) -> 0 | BA56: =(J56*0.01)*(AG56+AH56) -> 0 | BB56: =(K56*0.01)*(AG56+AH56) -> 0 | BC56: =(L56*0.01)*(AG56+AH56) -> 0 | BD56: =(M56*0.01)*(AG56+AH56) -> 0 | BE56: =(N56*0.01)*(AG56+AH56) -> 0 | BF56: =(O56*0.01)*(AG56+AH56) -> 0 | BG56: =(P56*0.01)*(AG56+AH56) -> 0 | BH56: =(Q56*0.01)*(AG56+AH56) -> 0 | BI56: =(R56*0.01)*(AG56+AH56) -> 0 | BJ56: =(S56*0.01)*(AG56+AH56) -> 0 | BK56: =(T56*0.01)*(AG56+AH56) -> 0 | BL56: =(U56*0.01)*(AG56+AH56) -> 0
AG57: =V57+W57 -> 0 | AH57: =SUM(X57:AF57) -> 0 | AN57: =IFERROR((E57/C57)*(AG57+AH57),0) -> 0 | AO57: =(E57*1.25)*45 -> 0 | AV57: =IFERROR((AG57+AH57)/(C57*52),0) -> 0 | AW57: =(F57*0.01)*(AG57+AH57) -> 0 | AX57: =(G57*0.01)*(AG57+AH57) -> 0 | AY57: =(H57*0.01)*(AG57+AH57) -> 0 | AZ57: =(I57*0.01)*(AG57+AH57) -> 0 | BA57: =(J57*0.01)*(AG57+AH57) -> 0 | BB57: =(K57*0.01)*(AG57+AH57) -> 0 | BC57: =(L57*0.01)*(AG57+AH57) -> 0 | BD57: =(M57*0.01)*(AG57+AH57) -> 0 | BE57: =(N57*0.01)*(AG57+AH57) -> 0 | BF57: =(O57*0.01)*(AG57+AH57) -> 0 | BG57: =(P57*0.01)*(AG57+AH57) -> 0 | BH57: =(Q57*0.01)*(AG57+AH57) -> 0 | BI57: =(R57*0.01)*(AG57+AH57) -> 0 | BJ57: =(S57*0.01)*(AG57+AH57) -> 0 | BK57: =(T57*0.01)*(AG57+AH57) -> 0 | BL57: =(U57*0.01)*(AG57+AH57) -> 0
AG58: =V58+W58 -> 0 | AH58: =SUM(X58:AF58) -> 0 | AN58: =IFERROR((E58/C58)*(AG58+AH58),0) -> 0 | AO58: =(E58*1.25)*45 -> 0 | AV58: =IFERROR((AG58+AH58)/(C58*52),0) -> 0 | AW58: =(F58*0.01)*(AG58+AH58) -> 0 | AX58: =(G58*0.01)*(AG58+AH58) -> 0 | AY58: =(H58*0.01)*(AG58+AH58) -> 0 | AZ58: =(I58*0.01)*(AG58+AH58) -> 0 | BA58: =(J58*0.01)*(AG58+AH58) -> 0 | BB58: =(K58*0.01)*(AG58+AH58) -> 0 | BC58: =(L58*0.01)*(AG58+AH58) -> 0 | BD58: =(M58*0.01)*(AG58+AH58) -> 0 | BE58: =(N58*0.01)*(AG58+AH58) -> 0 | BF58: =(O58*0.01)*(AG58+AH58) -> 0 | BG58: =(P58*0.01)*(AG58+AH58) -> 0 | BH58: =(Q58*0.01)*(AG58+AH58) -> 0 | BI58: =(R58*0.01)*(AG58+AH58) -> 0 | BJ58: =(S58*0.01)*(AG58+AH58) -> 0 | BK58: =(T58*0.01)*(AG58+AH58) -> 0 | BL58: =(U58*0.01)*(AG58+AH58) -> 0
A59: =COUNTA(A52:A58) -> 0 | B59: TOTALS | C59: =SUM(C52:C58) -> 0 | D59: =SUM(D52:D58) -> 0 | E59: =SUM(E52:E58) -> 0 | V59: =SUM(V52:V58) -> 0 | W59: =SUM(W52:W58) -> 0 | X59: =SUM(X52:X58) -> 0 | Y59: =SUM(Y52:Y58) -> 0 | Z59: =SUM(Z52:Z58) -> 0 | AA59: =SUM(AA52:AA58) -> 0 | AB59: =SUM(AB52:AB58) -> 0 | AC59: =SUM(AC52:AC58) -> 0 | ... AK59: =SUM(AK52:AK58) -> 0 | AN59: =SUM(AN52:AN58) -> 0 | AO59: =SUM(AO52:AO58) -> 0 | AP59: TOTALS | AU59: TOTAL | AV59: =SUM(AV52:AV58) -> 0
C60: Number of Hours Worked Per Week | F60: Percentage of Time Worked in Each Program | V60: **Fringe Benefits DO NOT have to be broken out by payment categories if it is easier to key one total for all Fringe. See Columns AF and AG** | AG60: ALTERNATE PAYROLL INFORMATION
A61: Nurse/LPN's Name | B61: Discipline/Additional Role | C61: Budgeted | D61: Clinical | E61: Administrative | F61: Child Hlth | G61: Immunes | H61: Maternity | I61: Fam Plan | J61: STD | K61: TB | L61: Epidemiology | M61: BCCCP | N61: Adult Hlth | O61: Primary Care | P61: Pg Med Home | Q61: CC4C | R61: Behav Hlth-CH | S61: Behav Hlth-AH | T61: Behav Hlth - MH | U61: Other Serv | V61: Salary | W61: Bonus Pay | X61: FICA | Y61: Retirement | Z61: 401K | AA61: Workers Comp | AB61: Health Insur | AC61: Dental Insur | AD61: Life Insurance | AE61: Disability Ins | AF61: Other Fringe | AG61: Salary | AH61: Fringe | AI61: TOTAL NUMBER OF VISITS | AJ61: TOTAL IMMUNE VISITS | AK61: TOTAL PAYMENTS
AG62: =V62+W62 -> 0 | AH62: =SUM(X62:AF62) -> 0 | AM62: PLEASE | AN62: =IFERROR((E62/C62)*(AG62+AH62),0) -> 0 | AO62: =(E62*2.5)*38 -> 0 | AQ62: $38 per visit 20 per day or 2.5 per hour | AV62: =IFERROR((AG62+AH62)/(C62*52),0) -> 0 | AW62: =(F62*0.01)*(AG62+AH62) -> 0 | AX62: =(G62*0.01)*(AG62+AH62) -> 0 | AY62: =(H62*0.01)*(AG62+AH62) -> 0 | AZ62: =(I62*0.01)*(AG62+AH62) -> 0 | BA62: =(J62*0.01)*(AG62+AH62) -> 0 | BB62: =(K62*0.01)*(AG62+AH62) -> 0 | BC62: =(L62*0.01)*(AG62+AH62) -> 0 | BD62: =(M62*0.01)*(AG62+AH62) -> 0 | BE62: =(N62*0.01)*(AG62+AH62) -> 0 | BF62: =(O62*0.01)*(AG62+AH62) -> 0 | BG62: =(P62*0.01)*(AG62+AH62) -> 0 | BH62: =(Q62*0.01)*(AG62+AH62) -> 0 | BI62: =(R62*0.01)*(AG62+AH62) -> 0 | BJ62: =(S62*0.01)*(AG62+AH62) -> 0 | BK62: =(T62*0.01)*(AG62+AH62) -> 0 | BL62: =(U62*0.01)*(AG62+AH62) -> 0
AG63: =V63+W63 -> 0 | AH63: =SUM(X63:AF63) -> 0 | AM63: DO | AN63: =IFERROR((E63/C63)*(AG63+AH63),0) -> 0 | AO63: =(E63*2.5)*38 -> 0 | AV63: =IFERROR((AG63+AH63)/(C63*52),0) -> 0 | AW63: =(F63*0.01)*(AG63+AH63) -> 0 | AX63: =(G63*0.01)*(AG63+AH63) -> 0 | AY63: =(H63*0.01)*(AG63+AH63) -> 0 | AZ63: =(I63*0.01)*(AG63+AH63) -> 0 | BA63: =(J63*0.01)*(AG63+AH63) -> 0 | BB63: =(K63*0.01)*(AG63+AH63) -> 0 | BC63: =(L63*0.01)*(AG63+AH63) -> 0 | BD63: =(M63*0.01)*(AG63+AH63) -> 0 | BE63: =(N63*0.01)*(AG63+AH63) -> 0 | BF63: =(O63*0.01)*(AG63+AH63) -> 0 | BG63: =(P63*0.01)*(AG63+AH63) -> 0 | BH63: =(Q63*0.01)*(AG63+AH63) -> 0 | BI63: =(R63*0.01)*(AG63+AH63) -> 0 | BJ63: =(S63*0.01)*(AG63+AH63) -> 0 | BK63: =(T63*0.01)*(AG63+AH63) -> 0 | BL63: =(U63*0.01)*(AG63+AH63) -> 0
AG64: =V64+W64 -> 0 | AH64: =SUM(X64:AF64) -> 0 | AM64: NOT | AN64: =IFERROR((E64/C64)*(AG64+AH64),0) -> 0 | AO64: =(E64*2.5)*38 -> 0 | AV64: =IFERROR((AG64+AH64)/(C64*52),0) -> 0 | AW64: =(F64*0.01)*(AG64+AH64) -> 0 | AX64: =(G64*0.01)*(AG64+AH64) -> 0 | AY64: =(H64*0.01)*(AG64+AH64) -> 0 | AZ64: =(I64*0.01)*(AG64+AH64) -> 0 | BA64: =(J64*0.01)*(AG64+AH64) -> 0 | BB64: =(K64*0.01)*(AG64+AH64) -> 0 | BC64: =(L64*0.01)*(AG64+AH64) -> 0 | BD64: =(M64*0.01)*(AG64+AH64) -> 0 | BE64: =(N64*0.01)*(AG64+AH64) -> 0 | BF64: =(O64*0.01)*(AG64+AH64) -> 0 | BG64: =(P64*0.01)*(AG64+AH64) -> 0 | BH64: =(Q64*0.01)*(AG64+AH64) -> 0 | BI64: =(R64*0.01)*(AG64+AH64) -> 0 | BJ64: =(S64*0.01)*(AG64+AH64) -> 0 | BK64: =(T64*0.01)*(AG64+AH64) -> 0 | BL64: =(U64*0.01)*(AG64+AH64) -> 0
AG65: =V65+W65 -> 0 | AH65: =SUM(X65:AF65) -> 0 | AM65: KEY | AN65: =IFERROR((E65/C65)*(AG65+AH65),0) -> 0 | AO65: =(E65*2.5)*38 -> 0 | AV65: =IFERROR((AG65+AH65)/(C65*52),0) -> 0 | AW65: =(F65*0.01)*(AG65+AH65) -> 0 | AX65: =(G65*0.01)*(AG65+AH65) -> 0 | AY65: =(H65*0.01)*(AG65+AH65) -> 0 | AZ65: =(I65*0.01)*(AG65+AH65) -> 0 | BA65: =(J65*0.01)*(AG65+AH65) -> 0 | BB65: =(K65*0.01)*(AG65+AH65) -> 0 | BC65: =(L65*0.01)*(AG65+AH65) -> 0 | BD65: =(M65*0.01)*(AG65+AH65) -> 0 | BE65: =(N65*0.01)*(AG65+AH65) -> 0 | BF65: =(O65*0.01)*(AG65+AH65) -> 0 | BG65: =(P65*0.01)*(AG65+AH65) -> 0 | BH65: =(Q65*0.01)*(AG65+AH65) -> 0 | BI65: =(R65*0.01)*(AG65+AH65) -> 0 | BJ65: =(S65*0.01)*(AG65+AH65) -> 0 | BK65: =(T65*0.01)*(AG65+AH65) -> 0 | BL65: =(U65*0.01)*(AG65+AH65) -> 0
AG66: =V66+W66 -> 0 | AH66: =SUM(X66:AF66) -> 0 | AM66: ANY | AN66: =IFERROR((E66/C66)*(AG66+AH66),0) -> 0 | AO66: =(E66*2.5)*38 -> 0 | AV66: =IFERROR((AG66+AH66)/(C66*52),0) -> 0 | AW66: =(F66*0.01)*(AG66+AH66) -> 0 | AX66: =(G66*0.01)*(AG66+AH66) -> 0 | AY66: =(H66*0.01)*(AG66+AH66) -> 0 | AZ66: =(I66*0.01)*(AG66+AH66) -> 0 | BA66: =(J66*0.01)*(AG66+AH66) -> 0 | BB66: =(K66*0.01)*(AG66+AH66) -> 0 | BC66: =(L66*0.01)*(AG66+AH66) -> 0 | BD66: =(M66*0.01)*(AG66+AH66) -> 0 | BE66: =(N66*0.01)*(AG66+AH66) -> 0 | BF66: =(O66*0.01)*(AG66+AH66) -> 0 | BG66: =(P66*0.01)*(AG66+AH66) -> 0 | BH66: =(Q66*0.01)*(AG66+AH66) -> 0 | BI66: =(R66*0.01)*(AG66+AH66) -> 0 | BJ66: =(S66*0.01)*(AG66+AH66) -> 0 | BK66: =(T66*0.01)*(AG66+AH66) -> 0 | BL66: =(U66*0.01)*(AG66+AH66) -> 0
AG67: =V67+W67 -> 0 | AH67: =SUM(X67:AF67) -> 0 | AM67: INFORMATION | AN67: =IFERROR((E67/C67)*(AG67+AH67),0) -> 0 | AO67: =(E67*2.5)*38 -> 0 | AV67: =IFERROR((AG67+AH67)/(C67*52),0) -> 0 | AW67: =(F67*0.01)*(AG67+AH67) -> 0 | AX67: =(G67*0.01)*(AG67+AH67) -> 0 | AY67: =(H67*0.01)*(AG67+AH67) -> 0 | AZ67: =(I67*0.01)*(AG67+AH67) -> 0 | BA67: =(J67*0.01)*(AG67+AH67) -> 0 | BB67: =(K67*0.01)*(AG67+AH67) -> 0 | BC67: =(L67*0.01)*(AG67+AH67) -> 0 | BD67: =(M67*0.01)*(AG67+AH67) -> 0 | BE67: =(N67*0.01)*(AG67+AH67) -> 0 | BF67: =(O67*0.01)*(AG67+AH67) -> 0 | BG67: =(P67*0.01)*(AG67+AH67) -> 0 | BH67: =(Q67*0.01)*(AG67+AH67) -> 0 | BI67: =(R67*0.01)*(AG67+AH67) -> 0 | BJ67: =(S67*0.01)*(AG67+AH67) -> 0 | BK67: =(T67*0.01)*(AG67+AH67) -> 0 | BL67: =(U67*0.01)*(AG67+AH67) -> 0
AG68: =V68+W68 -> 0 | AH68: =SUM(X68:AF68) -> 0 | AM68: IN | AN68: =IFERROR((E68/C68)*(AG68+AH68),0) -> 0 | AO68: =(E68*2.5)*38 -> 0 | AV68: =IFERROR((AG68+AH68)/(C68*52),0) -> 0 | AW68: =(F68*0.01)*(AG68+AH68) -> 0 | AX68: =(G68*0.01)*(AG68+AH68) -> 0 | AY68: =(H68*0.01)*(AG68+AH68) -> 0 | AZ68: =(I68*0.01)*(AG68+AH68) -> 0 | BA68: =(J68*0.01)*(AG68+AH68) -> 0 | BB68: =(K68*0.01)*(AG68+AH68) -> 0 | BC68: =(L68*0.01)*(AG68+AH68) -> 0 | BD68: =(M68*0.01)*(AG68+AH68) -> 0 | BE68: =(N68*0.01)*(AG68+AH68) -> 0 | BF68: =(O68*0.01)*(AG68+AH68) -> 0 | BG68: =(P68*0.01)*(AG68+AH68) -> 0 | BH68: =(Q68*0.01)*(AG68+AH68) -> 0 | BI68: =(R68*0.01)*(AG68+AH68) -> 0 | BJ68: =(S68*0.01)*(AG68+AH68) -> 0 | BK68: =(T68*0.01)*(AG68+AH68) -> 0 | BL68: =(U68*0.01)*(AG68+AH68) -> 0
AG69: =V69+W69 -> 0 | AH69: =SUM(X69:AF69) -> 0 | AM69: THE | AN69: =IFERROR((E69/C69)*(AG69+AH69),0) -> 0 | AO69: =(E69*2.5)*38 -> 0 | AV69: =IFERROR((AG69+AH69)/(C69*52),0) -> 0 | AW69: =(F69*0.01)*(AG69+AH69) -> 0 | AX69: =(G69*0.01)*(AG69+AH69) -> 0 | AY69: =(H69*0.01)*(AG69+AH69) -> 0 | AZ69: =(I69*0.01)*(AG69+AH69) -> 0 | BA69: =(J69*0.01)*(AG69+AH69) -> 0 | BB69: =(K69*0.01)*(AG69+AH69) -> 0 | BC69: =(L69*0.01)*(AG69+AH69) -> 0 | BD69: =(M69*0.01)*(AG69+AH69) -> 0 | BE69: =(N69*0.01)*(AG69+AH69) -> 0 | BF69: =(O69*0.01)*(AG69+AH69) -> 0 | BG69: =(P69*0.01)*(AG69+AH69) -> 0 | BH69: =(Q69*0.01)*(AG69+AH69) -> 0 | BI69: =(R69*0.01)*(AG69+AH69) -> 0 | BJ69: =(S69*0.01)*(AG69+AH69) -> 0 | BK69: =(T69*0.01)*(AG69+AH69) -> 0 | BL69: =(U69*0.01)*(AG69+AH69) -> 0
AG70: =V70+W70 -> 0 | AH70: =SUM(X70:AF70) -> 0 | AM70: COLUMNS | AN70: =IFERROR((E70/C70)*(AG70+AH70),0) -> 0 | AO70: =(E70*2.5)*38 -> 0 | AV70: =IFERROR((AG70+AH70)/(C70*52),0) -> 0 | AW70: =(F70*0.01)*(AG70+AH70) -> 0 | AX70: =(G70*0.01)*(AG70+AH70) -> 0 | AY70: =(H70*0.01)*(AG70+AH70) -> 0 | AZ70: =(I70*0.01)*(AG70+AH70) -> 0 | BA70: =(J70*0.01)*(AG70+AH70) -> 0 | BB70: =(K70*0.01)*(AG70+AH70) -> 0 | BC70: =(L70*0.01)*(AG70+AH70) -> 0 | BD70: =(M70*0.01)*(AG70+AH70) -> 0 | BE70: =(N70*0.01)*(AG70+AH70) -> 0 | BF70: =(O70*0.01)*(AG70+AH70) -> 0 | BG70: =(P70*0.01)*(AG70+AH70) -> 0 | BH70: =(Q70*0.01)*(AG70+AH70) -> 0 | BI70: =(R70*0.01)*(AG70+AH70) -> 0 | BJ70: =(S70*0.01)*(AG70+AH70) -> 0 | BK70: =(T70*0.01)*(AG70+AH70) -> 0 | BL70: =(U70*0.01)*(AG70+AH70) -> 0
AG71: =V71+W71 -> 0 | AH71: =SUM(X71:AF71) -> 0 | AM71: TO | AN71: =IFERROR((E71/C71)*(AG71+AH71),0) -> 0 | AO71: =(E71*2.5)*38 -> 0 | AV71: =IFERROR((AG71+AH71)/(C71*52),0) -> 0 | AW71: =(F71*0.01)*(AG71+AH71) -> 0 | AX71: =(G71*0.01)*(AG71+AH71) -> 0 | AY71: =(H71*0.01)*(AG71+AH71) -> 0 | AZ71: =(I71*0.01)*(AG71+AH71) -> 0 | BA71: =(J71*0.01)*(AG71+AH71) -> 0 | BB71: =(K71*0.01)*(AG71+AH71) -> 0 | BC71: =(L71*0.01)*(AG71+AH71) -> 0 | BD71: =(M71*0.01)*(AG71+AH71) -> 0 | BE71: =(N71*0.01)*(AG71+AH71) -> 0 | BF71: =(O71*0.01)*(AG71+AH71) -> 0 | BG71: =(P71*0.01)*(AG71+AH71) -> 0 | BH71: =(Q71*0.01)*(AG71+AH71) -> 0 | BI71: =(R71*0.01)*(AG71+AH71) -> 0 | BJ71: =(S71*0.01)*(AG71+AH71) -> 0 | BK71: =(T71*0.01)*(AG71+AH71) -> 0 | BL71: =(U71*0.01)*(AG71+AH71) -> 0
AG72: =V72+W72 -> 0 | AH72: =SUM(X72:AF72) -> 0 | AM72: THE | AN72: =IFERROR((E72/C72)*(AG72+AH72),0) -> 0 | AO72: =(E72*2.5)*38 -> 0 | AV72: =IFERROR((AG72+AH72)/(C72*52),0) -> 0 | AW72: =(F72*0.01)*(AG72+AH72) -> 0 | AX72: =(G72*0.01)*(AG72+AH72) -> 0 | AY72: =(H72*0.01)*(AG72+AH72) -> 0 | AZ72: =(I72*0.01)*(AG72+AH72) -> 0 | BA72: =(J72*0.01)*(AG72+AH72) -> 0 | BB72: =(K72*0.01)*(AG72+AH72) -> 0 | BC72: =(L72*0.01)*(AG72+AH72) -> 0 | BD72: =(M72*0.01)*(AG72+AH72) -> 0 | BE72: =(N72*0.01)*(AG72+AH72) -> 0 | BF72: =(O72*0.01)*(AG72+AH72) -> 0 | BG72: =(P72*0.01)*(AG72+AH72) -> 0 | BH72: =(Q72*0.01)*(AG72+AH72) -> 0 | BI72: =(R72*0.01)*(AG72+AH72) -> 0 | BJ72: =(S72*0.01)*(AG72+AH72) -> 0 | BK72: =(T72*0.01)*(AG72+AH72) -> 0 | BL72: =(U72*0.01)*(AG72+AH72) -> 0
AG73: =V73+W73 -> 0 | AH73: =SUM(X73:AF73) -> 0 | AM73: RIGHT | AN73: =IFERROR((E73/C73)*(AG73+AH73),0) -> 0 | AO73: =(E73*2.5)*38 -> 0 | AV73: =IFERROR((AG73+AH73)/(C73*52),0) -> 0 | AW73: =(F73*0.01)*(AG73+AH73) -> 0 | AX73: =(G73*0.01)*(AG73+AH73) -> 0 | AY73: =(H73*0.01)*(AG73+AH73) -> 0 | AZ73: =(I73*0.01)*(AG73+AH73) -> 0 | BA73: =(J73*0.01)*(AG73+AH73) -> 0 | BB73: =(K73*0.01)*(AG73+AH73) -> 0 | BC73: =(L73*0.01)*(AG73+AH73) -> 0 | BD73: =(M73*0.01)*(AG73+AH73) -> 0 | BE73: =(N73*0.01)*(AG73+AH73) -> 0 | BF73: =(O73*0.01)*(AG73+AH73) -> 0 | BG73: =(P73*0.01)*(AG73+AH73) -> 0 | BH73: =(Q73*0.01)*(AG73+AH73) -> 0 | BI73: =(R73*0.01)*(AG73+AH73) -> 0 | BJ73: =(S73*0.01)*(AG73+AH73) -> 0 | BK73: =(T73*0.01)*(AG73+AH73) -> 0 | BL73: =(U73*0.01)*(AG73+AH73) -> 0
AG74: =V74+W74 -> 0 | AH74: =SUM(X74:AF74) -> 0 | AN74: =IFERROR((E74/C74)*(AG74+AH74),0) -> 0 | AO74: =(E74*2.5)*38 -> 0 | AV74: =IFERROR((AG74+AH74)/(C74*52),0) -> 0 | AW74: =(F74*0.01)*(AG74+AH74) -> 0 | AX74: =(G74*0.01)*(AG74+AH74) -> 0 | AY74: =(H74*0.01)*(AG74+AH74) -> 0 | AZ74: =(I74*0.01)*(AG74+AH74) -> 0 | BA74: =(J74*0.01)*(AG74+AH74) -> 0 | BB74: =(K74*0.01)*(AG74+AH74) -> 0 | BC74: =(L74*0.01)*(AG74+AH74) -> 0 | BD74: =(M74*0.01)*(AG74+AH74) -> 0 | BE74: =(N74*0.01)*(AG74+AH74) -> 0 | BF74: =(O74*0.01)*(AG74+AH74) -> 0 | BG74: =(P74*0.01)*(AG74+AH74) -> 0 | BH74: =(Q74*0.01)*(AG74+AH74) -> 0 | BI74: =(R74*0.01)*(AG74+AH74) -> 0 | BJ74: =(S74*0.01)*(AG74+AH74) -> 0 | BK74: =(T74*0.01)*(AG74+AH74) -> 0 | BL74: =(U74*0.01)*(AG74+AH74) -> 0
AG75: =V75+W75 -> 0 | AH75: =SUM(X75:AF75) -> 0 | AN75: =IFERROR((E75/C75)*(AG75+AH75),0) -> 0 | AO75: =(E75*2.5)*38 -> 0 | AV75: =IFERROR((AG75+AH75)/(C75*52),0) -> 0 | AW75: =(F75*0.01)*(AG75+AH75) -> 0 | AX75: =(G75*0.01)*(AG75+AH75) -> 0 | AY75: =(H75*0.01)*(AG75+AH75) -> 0 | AZ75: =(I75*0.01)*(AG75+AH75) -> 0 | BA75: =(J75*0.01)*(AG75+AH75) -> 0 | BB75: =(K75*0.01)*(AG75+AH75) -> 0 | BC75: =(L75*0.01)*(AG75+AH75) -> 0 | BD75: =(M75*0.01)*(AG75+AH75) -> 0 | BE75: =(N75*0.01)*(AG75+AH75) -> 0 | BF75: =(O75*0.01)*(AG75+AH75) -> 0 | BG75: =(P75*0.01)*(AG75+AH75) -> 0 | BH75: =(Q75*0.01)*(AG75+AH75) -> 0 | BI75: =(R75*0.01)*(AG75+AH75) -> 0 | BJ75: =(S75*0.01)*(AG75+AH75) -> 0 | BK75: =(T75*0.01)*(AG75+AH75) -> 0 | BL75: =(U75*0.01)*(AG75+AH75) -> 0
AG76: =V76+W76 -> 0 | AH76: =SUM(X76:AF76) -> 0 | AN76: =IFERROR((E76/C76)*(AG76+AH76),0) -> 0 | AO76: =(E76*2.5)*38 -> 0 | AV76: =IFERROR((AG76+AH76)/(C76*52),0) -> 0 | AW76: =(F76*0.01)*(AG76+AH76) -> 0 | AX76: =(G76*0.01)*(AG76+AH76) -> 0 | AY76: =(H76*0.01)*(AG76+AH76) -> 0 | AZ76: =(I76*0.01)*(AG76+AH76) -> 0 | BA76: =(J76*0.01)*(AG76+AH76) -> 0 | BB76: =(K76*0.01)*(AG76+AH76) -> 0 | BC76: =(L76*0.01)*(AG76+AH76) -> 0 | BD76: =(M76*0.01)*(AG76+AH76) -> 0 | BE76: =(N76*0.01)*(AG76+AH76) -> 0 | BF76: =(O76*0.01)*(AG76+AH76) -> 0 | BG76: =(P76*0.01)*(AG76+AH76) -> 0 | BH76: =(Q76*0.01)*(AG76+AH76) -> 0 | BI76: =(R76*0.01)*(AG76+AH76) -> 0 | BJ76: =(S76*0.01)*(AG76+AH76) -> 0 | BK76: =(T76*0.01)*(AG76+AH76) -> 0 | BL76: =(U76*0.01)*(AG76+AH76) -> 0
AG77: =V77+W77 -> 0 | AH77: =SUM(X77:AF77) -> 0 | AN77: =IFERROR((E77/C77)*(AG77+AH77),0) -> 0 | AO77: =(E77*2.5)*38 -> 0 | AV77: =IFERROR((AG77+AH77)/(C77*52),0) -> 0 | AW77: =(F77*0.01)*(AG77+AH77) -> 0 | AX77: =(G77*0.01)*(AG77+AH77) -> 0 | AY77: =(H77*0.01)*(AG77+AH77) -> 0 | AZ77: =(I77*0.01)*(AG77+AH77) -> 0 | BA77: =(J77*0.01)*(AG77+AH77) -> 0 | BB77: =(K77*0.01)*(AG77+AH77) -> 0 | BC77: =(L77*0.01)*(AG77+AH77) -> 0 | BD77: =(M77*0.01)*(AG77+AH77) -> 0 | BE77: =(N77*0.01)*(AG77+AH77) -> 0 | BF77: =(O77*0.01)*(AG77+AH77) -> 0 | BG77: =(P77*0.01)*(AG77+AH77) -> 0 | BH77: =(Q77*0.01)*(AG77+AH77) -> 0 | BI77: =(R77*0.01)*(AG77+AH77) -> 0 | BJ77: =(S77*0.01)*(AG77+AH77) -> 0 | BK77: =(T77*0.01)*(AG77+AH77) -> 0 | BL77: =(U77*0.01)*(AG77+AH77) -> 0
AG78: =V78+W78 -> 0 | AH78: =SUM(X78:AF78) -> 0 | AN78: =IFERROR((E78/C78)*(AG78+AH78),0) -> 0 | AO78: =(E78*2.5)*38 -> 0 | AV78: =IFERROR((AG78+AH78)/(C78*52),0) -> 0 | AW78: =(F78*0.01)*(AG78+AH78) -> 0 | AX78: =(G78*0.01)*(AG78+AH78) -> 0 | AY78: =(H78*0.01)*(AG78+AH78) -> 0 | AZ78: =(I78*0.01)*(AG78+AH78) -> 0 | BA78: =(J78*0.01)*(AG78+AH78) -> 0 | BB78: =(K78*0.01)*(AG78+AH78) -> 0 | BC78: =(L78*0.01)*(AG78+AH78) -> 0 | BD78: =(M78*0.01)*(AG78+AH78) -> 0 | BE78: =(N78*0.01)*(AG78+AH78) -> 0 | BF78: =(O78*0.01)*(AG78+AH78) -> 0 | BG78: =(P78*0.01)*(AG78+AH78) -> 0 | BH78: =(Q78*0.01)*(AG78+AH78) -> 0 | BI78: =(R78*0.01)*(AG78+AH78) -> 0 | BJ78: =(S78*0.01)*(AG78+AH78) -> 0 | BK78: =(T78*0.01)*(AG78+AH78) -> 0 | BL78: =(U78*0.01)*(AG78+AH78) -> 0
AG79: =V79+W79 -> 0 | AH79: =SUM(X79:AF79) -> 0 | AN79: =IFERROR((E79/C79)*(AG79+AH79),0) -> 0 | AO79: =(E79*2.5)*38 -> 0 | AV79: =IFERROR((AG79+AH79)/(C79*52),0) -> 0 | AW79: =(F79*0.01)*(AG79+AH79) -> 0 | AX79: =(G79*0.01)*(AG79+AH79) -> 0 | AY79: =(H79*0.01)*(AG79+AH79) -> 0 | AZ79: =(I79*0.01)*(AG79+AH79) -> 0 | BA79: =(J79*0.01)*(AG79+AH79) -> 0 | BB79: =(K79*0.01)*(AG79+AH79) -> 0 | BC79: =(L79*0.01)*(AG79+AH79) -> 0 | BD79: =(M79*0.01)*(AG79+AH79) -> 0 | BE79: =(N79*0.01)*(AG79+AH79) -> 0 | BF79: =(O79*0.01)*(AG79+AH79) -> 0 | BG79: =(P79*0.01)*(AG79+AH79) -> 0 | BH79: =(Q79*0.01)*(AG79+AH79) -> 0 | BI79: =(R79*0.01)*(AG79+AH79) -> 0 | BJ79: =(S79*0.01)*(AG79+AH79) -> 0 | BK79: =(T79*0.01)*(AG79+AH79) -> 0 | BL79: =(U79*0.01)*(AG79+AH79) -> 0
AG80: =V80+W80 -> 0 | AH80: =SUM(X80:AF80) -> 0 | AN80: =IFERROR((E80/C80)*(AG80+AH80),0) -> 0 | AO80: =(E80*2.5)*38 -> 0 | AV80: =IFERROR((AG80+AH80)/(C80*52),0) -> 0 | AW80: =(F80*0.01)*(AG80+AH80) -> 0 | AX80: =(G80*0.01)*(AG80+AH80) -> 0 | AY80: =(H80*0.01)*(AG80+AH80) -> 0 | AZ80: =(I80*0.01)*(AG80+AH80) -> 0 | BA80: =(J80*0.01)*(AG80+AH80) -> 0 | BB80: =(K80*0.01)*(AG80+AH80) -> 0 | BC80: =(L80*0.01)*(AG80+AH80) -> 0 | BD80: =(M80*0.01)*(AG80+AH80) -> 0 | BE80: =(N80*0.01)*(AG80+AH80) -> 0 | BF80: =(O80*0.01)*(AG80+AH80) -> 0 | BG80: =(P80*0.01)*(AG80+AH80) -> 0 | BH80: =(Q80*0.01)*(AG80+AH80) -> 0 | BI80: =(R80*0.01)*(AG80+AH80) -> 0 | BJ80: =(S80*0.01)*(AG80+AH80) -> 0 | BK80: =(T80*0.01)*(AG80+AH80) -> 0 | BL80: =(U80*0.01)*(AG80+AH80) -> 0
AG81: =V81+W81 -> 0 | AH81: =SUM(X81:AF81) -> 0 | AN81: =IFERROR((E81/C81)*(AG81+AH81),0) -> 0 | AO81: =(E81*2.5)*38 -> 0 | AV81: =IFERROR((AG81+AH81)/(C81*52),0) -> 0 | AW81: =(F81*0.01)*(AG81+AH81) -> 0 | AX81: =(G81*0.01)*(AG81+AH81) -> 0 | AY81: =(H81*0.01)*(AG81+AH81) -> 0 | AZ81: =(I81*0.01)*(AG81+AH81) -> 0 | BA81: =(J81*0.01)*(AG81+AH81) -> 0 | BB81: =(K81*0.01)*(AG81+AH81) -> 0 | BC81: =(L81*0.01)*(AG81+AH81) -> 0 | BD81: =(M81*0.01)*(AG81+AH81) -> 0 | BE81: =(N81*0.01)*(AG81+AH81) -> 0 | BF81: =(O81*0.01)*(AG81+AH81) -> 0 | BG81: =(P81*0.01)*(AG81+AH81) -> 0 | BH81: =(Q81*0.01)*(AG81+AH81) -> 0 | BI81: =(R81*0.01)*(AG81+AH81) -> 0 | BJ81: =(S81*0.01)*(AG81+AH81) -> 0 | BK81: =(T81*0.01)*(AG81+AH81) -> 0 | BL81: =(U81*0.01)*(AG81+AH81) -> 0
AG82: =V82+W82 -> 0 | AH82: =SUM(X82:AF82) -> 0 | AN82: =IFERROR((E82/C82)*(AG82+AH82),0) -> 0 | AO82: =(E82*2.5)*38 -> 0 | AV82: =IFERROR((AG82+AH82)/(C82*52),0) -> 0 | AW82: =(F82*0.01)*(AG82+AH82) -> 0 | AX82: =(G82*0.01)*(AG82+AH82) -> 0 | AY82: =(H82*0.01)*(AG82+AH82) -> 0 | AZ82: =(I82*0.01)*(AG82+AH82) -> 0 | BA82: =(J82*0.01)*(AG82+AH82) -> 0 | BB82: =(K82*0.01)*(AG82+AH82) -> 0 | BC82: =(L82*0.01)*(AG82+AH82) -> 0 | BD82: =(M82*0.01)*(AG82+AH82) -> 0 | BE82: =(N82*0.01)*(AG82+AH82) -> 0 | BF82: =(O82*0.01)*(AG82+AH82) -> 0 | BG82: =(P82*0.01)*(AG82+AH82) -> 0 | BH82: =(Q82*0.01)*(AG82+AH82) -> 0 | BI82: =(R82*0.01)*(AG82+AH82) -> 0 | BJ82: =(S82*0.01)*(AG82+AH82) -> 0 | BK82: =(T82*0.01)*(AG82+AH82) -> 0 | BL82: =(U82*0.01)*(AG82+AH82) -> 0
AG83: =V83+W83 -> 0 | AH83: =SUM(X83:AF83) -> 0 | AN83: =IFERROR((E83/C83)*(AG83+AH83),0) -> 0 | AO83: =(E83*2.5)*38 -> 0 | AV83: =IFERROR((AG83+AH83)/(C83*52),0) -> 0 | AW83: =(F83*0.01)*(AG83+AH83) -> 0 | AX83: =(G83*0.01)*(AG83+AH83) -> 0 | AY83: =(H83*0.01)*(AG83+AH83) -> 0 | AZ83: =(I83*0.01)*(AG83+AH83) -> 0 | BA83: =(J83*0.01)*(AG83+AH83) -> 0 | BB83: =(K83*0.01)*(AG83+AH83) -> 0 | BC83: =(L83*0.01)*(AG83+AH83) -> 0 | BD83: =(M83*0.01)*(AG83+AH83) -> 0 | BE83: =(N83*0.01)*(AG83+AH83) -> 0 | BF83: =(O83*0.01)*(AG83+AH83) -> 0 | BG83: =(P83*0.01)*(AG83+AH83) -> 0 | BH83: =(Q83*0.01)*(AG83+AH83) -> 0 | BI83: =(R83*0.01)*(AG83+AH83) -> 0 | BJ83: =(S83*0.01)*(AG83+AH83) -> 0 | BK83: =(T83*0.01)*(AG83+AH83) -> 0 | BL83: =(U83*0.01)*(AG83+AH83) -> 0
AG84: =V84+W84 -> 0 | AH84: =SUM(X84:AF84) -> 0 | AN84: =IFERROR((E84/C84)*(AG84+AH84),0) -> 0 | AO84: =(E84*2.5)*38 -> 0 | AV84: =IFERROR((AG84+AH84)/(C84*52),0) -> 0 | AW84: =(F84*0.01)*(AG84+AH84) -> 0 | AX84: =(G84*0.01)*(AG84+AH84) -> 0 | AY84: =(H84*0.01)*(AG84+AH84) -> 0 | AZ84: =(I84*0.01)*(AG84+AH84) -> 0 | BA84: =(J84*0.01)*(AG84+AH84) -> 0 | BB84: =(K84*0.01)*(AG84+AH84) -> 0 | BC84: =(L84*0.01)*(AG84+AH84) -> 0 | BD84: =(M84*0.01)*(AG84+AH84) -> 0 | BE84: =(N84*0.01)*(AG84+AH84) -> 0 | BF84: =(O84*0.01)*(AG84+AH84) -> 0 | BG84: =(P84*0.01)*(AG84+AH84) -> 0 | BH84: =(Q84*0.01)*(AG84+AH84) -> 0 | BI84: =(R84*0.01)*(AG84+AH84) -> 0 | BJ84: =(S84*0.01)*(AG84+AH84) -> 0 | BK84: =(T84*0.01)*(AG84+AH84) -> 0 | BL84: =(U84*0.01)*(AG84+AH84) -> 0
AG85: =V85+W85 -> 0 | AH85: =SUM(X85:AF85) -> 0 | AN85: =IFERROR((E85/C85)*(AG85+AH85),0) -> 0 | AO85: =(E85*2.5)*38 -> 0 | AV85: =IFERROR((AG85+AH85)/(C85*52),0) -> 0 | AW85: =(F85*0.01)*(AG85+AH85) -> 0 | AX85: =(G85*0.01)*(AG85+AH85) -> 0 | AY85: =(H85*0.01)*(AG85+AH85) -> 0 | AZ85: =(I85*0.01)*(AG85+AH85) -> 0 | BA85: =(J85*0.01)*(AG85+AH85) -> 0 | BB85: =(K85*0.01)*(AG85+AH85) -> 0 | BC85: =(L85*0.01)*(AG85+AH85) -> 0 | BD85: =(M85*0.01)*(AG85+AH85) -> 0 | BE85: =(N85*0.01)*(AG85+AH85) -> 0 | BF85: =(O85*0.01)*(AG85+AH85) -> 0 | BG85: =(P85*0.01)*(AG85+AH85) -> 0 | BH85: =(Q85*0.01)*(AG85+AH85) -> 0 | BI85: =(R85*0.01)*(AG85+AH85) -> 0 | BJ85: =(S85*0.01)*(AG85+AH85) -> 0 | BK85: =(T85*0.01)*(AG85+AH85) -> 0 | BL85: =(U85*0.01)*(AG85+AH85) -> 0
A86: =COUNTA(A62:A85) -> 0 | B86: TOTALS | C86: =SUM(C62:C85) -> 0 | D86: =SUM(D62:D85) -> 0 | E86: =SUM(E62:E85) -> 0 | V86: =SUM(V62:V85) -> 0 | W86: =SUM(W62:W85) -> 0 | X86: =SUM(X62:X85) -> 0 | Y86: =SUM(Y62:Y85) -> 0 | Z86: =SUM(Z62:Z85) -> 0 | AA86: =SUM(AA62:AA85) -> 0 | AB86: =SUM(AB62:AB85) -> 0 | AC86: =SUM(AC62:AC85) -> 0 | ... AK86: =SUM(AK62:AK85) -> 0 | AN86: =SUM(AN62:AN85) -> 0 | AO86: =SUM(AO62:AO85) -> 0 | AP86: TOTALS | AU86: TOTAL | AV86: =SUM(AV62:AV85) -> 0
C87: Number of Hours Worked Per Week | F87: Percentage of Time Worked in Each Program | V87: **Fringe Benefits DO NOT have to be broken out by payment categories if it is easier to key one total for all Fringe. See Columns AF and AG** | AG87: ALTERNATE PAYROLL INFORMATION | AK87: =AK86+AK59+AK49+AK40+AK21 -> 0 | AM87: PLEASE
A88: Lab Staff's Name | B88: Discipline/Additional Role | C88: Budgeted | D88: Clinical | E88: Administrative | F88: Child Hlth | G88: Immunes | H88: Maternity | I88: Fam Plan | J88: STD | K88: TB | L88: Epidemiology | M88: BCCCP | N88: Adult Hlth | O88: Primary Care | P88: Pg Med Home | Q88: CC4C | R88: Behav Hlth-CH | S88: Behav Hlth-AH | T88: Behav Hlth - MH | U88: Other Serv | V88: Salary | W88: Bonus Pay | X88: FICA | Y88: Retirement | Z88: 401K | AA88: Workers Comp | AB88: Health Insur | AC88: Dental Insur | AD88: Life Insurance | AE88: Disability Ins | AF88: Other Fringe | AG88: Salary | AH88: Fringe | AM88: DO
AG89: =V89+W89 -> 0 | AH89: =SUM(X89:AF89) -> 0 | AI89: Visit Counts | AM89: NOT | AV89: =IFERROR((AG89+AH89)/(C89*52),0) -> 0 | AW89: =(F89*0.01)*(AG89+AH89) -> 0 | AX89: =(G89*0.01)*(AG89+AH89) -> 0 | AY89: =(H89*0.01)*(AG89+AH89) -> 0 | AZ89: =(I89*0.01)*(AG89+AH89) -> 0 | BA89: =(J89*0.01)*(AG89+AH89) -> 0 | BB89: =(K89*0.01)*(AG89+AH89) -> 0 | BC89: =(L89*0.01)*(AG89+AH89) -> 0 | BD89: =(M89*0.01)*(AG89+AH89) -> 0 | BE89: =(N89*0.01)*(AG89+AH89) -> 0 | BF89: =(O89*0.01)*(AG89+AH89) -> 0 | BG89: =(P89*0.01)*(AG89+AH89) -> 0 | BH89: =(Q89*0.01)*(AG89+AH89) -> 0 | BI89: =(R89*0.01)*(AG89+AH89) -> 0 | BJ89: =(S89*0.01)*(AG89+AH89) -> 0 | BK89: =(T89*0.01)*(AG89+AH89) -> 0 | BL89: =(U89*0.01)*(AG89+AH89) -> 0
AG90: =V90+W90 -> 0 | AH90: =SUM(X90:AF90) -> 0 | AI90: are not needed | AM90: KEY | AV90: =IFERROR((AG90+AH90)/(C90*52),0) -> 0 | AW90: =(F90*0.01)*(AG90+AH90) -> 0 | AX90: =(G90*0.01)*(AG90+AH90) -> 0 | AY90: =(H90*0.01)*(AG90+AH90) -> 0 | AZ90: =(I90*0.01)*(AG90+AH90) -> 0 | BA90: =(J90*0.01)*(AG90+AH90) -> 0 | BB90: =(K90*0.01)*(AG90+AH90) -> 0 | BC90: =(L90*0.01)*(AG90+AH90) -> 0 | BD90: =(M90*0.01)*(AG90+AH90) -> 0 | BE90: =(N90*0.01)*(AG90+AH90) -> 0 | BF90: =(O90*0.01)*(AG90+AH90) -> 0 | BG90: =(P90*0.01)*(AG90+AH90) -> 0 | BH90: =(Q90*0.01)*(AG90+AH90) -> 0 | BI90: =(R90*0.01)*(AG90+AH90) -> 0 | BJ90: =(S90*0.01)*(AG90+AH90) -> 0 | BK90: =(T90*0.01)*(AG90+AH90) -> 0 | BL90: =(U90*0.01)*(AG90+AH90) -> 0
AG91: =V91+W91 -> 0 | AH91: =SUM(X91:AF91) -> 0 | AI91: for these | AM91: ANY | AV91: =IFERROR((AG91+AH91)/(C91*52),0) -> 0 | AW91: =(F91*0.01)*(AG91+AH91) -> 0 | AX91: =(G91*0.01)*(AG91+AH91) -> 0 | AY91: =(H91*0.01)*(AG91+AH91) -> 0 | AZ91: =(I91*0.01)*(AG91+AH91) -> 0 | BA91: =(J91*0.01)*(AG91+AH91) -> 0 | BB91: =(K91*0.01)*(AG91+AH91) -> 0 | BC91: =(L91*0.01)*(AG91+AH91) -> 0 | BD91: =(M91*0.01)*(AG91+AH91) -> 0 | BE91: =(N91*0.01)*(AG91+AH91) -> 0 | BF91: =(O91*0.01)*(AG91+AH91) -> 0 | BG91: =(P91*0.01)*(AG91+AH91) -> 0 | BH91: =(Q91*0.01)*(AG91+AH91) -> 0 | BI91: =(R91*0.01)*(AG91+AH91) -> 0 | BJ91: =(S91*0.01)*(AG91+AH91) -> 0 | BK91: =(T91*0.01)*(AG91+AH91) -> 0 | BL91: =(U91*0.01)*(AG91+AH91) -> 0
AG92: =V92+W92 -> 0 | AH92: =SUM(X92:AF92) -> 0 | AI92: staff members. | AM92: INFORMATION | AV92: =IFERROR((AG92+AH92)/(C92*52),0) -> 0 | AW92: =(F92*0.01)*(AG92+AH92) -> 0 | AX92: =(G92*0.01)*(AG92+AH92) -> 0 | AY92: =(H92*0.01)*(AG92+AH92) -> 0 | AZ92: =(I92*0.01)*(AG92+AH92) -> 0 | BA92: =(J92*0.01)*(AG92+AH92) -> 0 | BB92: =(K92*0.01)*(AG92+AH92) -> 0 | BC92: =(L92*0.01)*(AG92+AH92) -> 0 | BD92: =(M92*0.01)*(AG92+AH92) -> 0 | BE92: =(N92*0.01)*(AG92+AH92) -> 0 | BF92: =(O92*0.01)*(AG92+AH92) -> 0 | BG92: =(P92*0.01)*(AG92+AH92) -> 0 | BH92: =(Q92*0.01)*(AG92+AH92) -> 0 | BI92: =(R92*0.01)*(AG92+AH92) -> 0 | BJ92: =(S92*0.01)*(AG92+AH92) -> 0 | BK92: =(T92*0.01)*(AG92+AH92) -> 0 | BL92: =(U92*0.01)*(AG92+AH92) -> 0
AG93: =V93+W93 -> 0 | AH93: =SUM(X93:AF93) -> 0 | AM93: IN | AV93: =IFERROR((AG93+AH93)/(C93*52),0) -> 0 | AW93: =(F93*0.01)*(AG93+AH93) -> 0 | AX93: =(G93*0.01)*(AG93+AH93) -> 0 | AY93: =(H93*0.01)*(AG93+AH93) -> 0 | AZ93: =(I93*0.01)*(AG93+AH93) -> 0 | BA93: =(J93*0.01)*(AG93+AH93) -> 0 | BB93: =(K93*0.01)*(AG93+AH93) -> 0 | BC93: =(L93*0.01)*(AG93+AH93) -> 0 | BD93: =(M93*0.01)*(AG93+AH93) -> 0 | BE93: =(N93*0.01)*(AG93+AH93) -> 0 | BF93: =(O93*0.01)*(AG93+AH93) -> 0 | BG93: =(P93*0.01)*(AG93+AH93) -> 0 | BH93: =(Q93*0.01)*(AG93+AH93) -> 0 | BI93: =(R93*0.01)*(AG93+AH93) -> 0 | BJ93: =(S93*0.01)*(AG93+AH93) -> 0 | BK93: =(T93*0.01)*(AG93+AH93) -> 0 | BL93: =(U93*0.01)*(AG93+AH93) -> 0
AG94: =V94+W94 -> 0 | AH94: =SUM(X94:AF94) -> 0 | AM94: THE | AV94: =IFERROR((AG94+AH94)/(C94*52),0) -> 0 | AW94: =(F94*0.01)*(AG94+AH94) -> 0 | AX94: =(G94*0.01)*(AG94+AH94) -> 0 | AY94: =(H94*0.01)*(AG94+AH94) -> 0 | AZ94: =(I94*0.01)*(AG94+AH94) -> 0 | BA94: =(J94*0.01)*(AG94+AH94) -> 0 | BB94: =(K94*0.01)*(AG94+AH94) -> 0 | BC94: =(L94*0.01)*(AG94+AH94) -> 0 | BD94: =(M94*0.01)*(AG94+AH94) -> 0 | BE94: =(N94*0.01)*(AG94+AH94) -> 0 | BF94: =(O94*0.01)*(AG94+AH94) -> 0 | BG94: =(P94*0.01)*(AG94+AH94) -> 0 | BH94: =(Q94*0.01)*(AG94+AH94) -> 0 | BI94: =(R94*0.01)*(AG94+AH94) -> 0 | BJ94: =(S94*0.01)*(AG94+AH94) -> 0 | BK94: =(T94*0.01)*(AG94+AH94) -> 0 | BL94: =(U94*0.01)*(AG94+AH94) -> 0
AG95: =V95+W95 -> 0 | AH95: =SUM(X95:AF95) -> 0 | AM95: COLUMNS | AV95: =IFERROR((AG95+AH95)/(C95*52),0) -> 0 | AW95: =(F95*0.01)*(AG95+AH95) -> 0 | AX95: =(G95*0.01)*(AG95+AH95) -> 0 | AY95: =(H95*0.01)*(AG95+AH95) -> 0 | AZ95: =(I95*0.01)*(AG95+AH95) -> 0 | BA95: =(J95*0.01)*(AG95+AH95) -> 0 | BB95: =(K95*0.01)*(AG95+AH95) -> 0 | BC95: =(L95*0.01)*(AG95+AH95) -> 0 | BD95: =(M95*0.01)*(AG95+AH95) -> 0 | BE95: =(N95*0.01)*(AG95+AH95) -> 0 | BF95: =(O95*0.01)*(AG95+AH95) -> 0 | BG95: =(P95*0.01)*(AG95+AH95) -> 0 | BH95: =(Q95*0.01)*(AG95+AH95) -> 0 | BI95: =(R95*0.01)*(AG95+AH95) -> 0 | BJ95: =(S95*0.01)*(AG95+AH95) -> 0 | BK95: =(T95*0.01)*(AG95+AH95) -> 0 | BL95: =(U95*0.01)*(AG95+AH95) -> 0
AG96: =V96+W96 -> 0 | AH96: =SUM(X96:AF96) -> 0 | AM96: TO | AV96: =IFERROR((AG96+AH96)/(C96*52),0) -> 0 | AW96: =(F96*0.01)*(AG96+AH96) -> 0 | AX96: =(G96*0.01)*(AG96+AH96) -> 0 | AY96: =(H96*0.01)*(AG96+AH96) -> 0 | AZ96: =(I96*0.01)*(AG96+AH96) -> 0 | BA96: =(J96*0.01)*(AG96+AH96) -> 0 | BB96: =(K96*0.01)*(AG96+AH96) -> 0 | BC96: =(L96*0.01)*(AG96+AH96) -> 0 | BD96: =(M96*0.01)*(AG96+AH96) -> 0 | BE96: =(N96*0.01)*(AG96+AH96) -> 0 | BF96: =(O96*0.01)*(AG96+AH96) -> 0 | BG96: =(P96*0.01)*(AG96+AH96) -> 0 | BH96: =(Q96*0.01)*(AG96+AH96) -> 0 | BI96: =(R96*0.01)*(AG96+AH96) -> 0 | BJ96: =(S96*0.01)*(AG96+AH96) -> 0 | BK96: =(T96*0.01)*(AG96+AH96) -> 0 | BL96: =(U96*0.01)*(AG96+AH96) -> 0
AG97: =V97+W97 -> 0 | AH97: =SUM(X97:AF97) -> 0 | AM97: THE | AV97: =IFERROR((AG97+AH97)/(C97*52),0) -> 0 | AW97: =(F97*0.01)*(AG97+AH97) -> 0 | AX97: =(G97*0.01)*(AG97+AH97) -> 0 | AY97: =(H97*0.01)*(AG97+AH97) -> 0 | AZ97: =(I97*0.01)*(AG97+AH97) -> 0 | BA97: =(J97*0.01)*(AG97+AH97) -> 0 | BB97: =(K97*0.01)*(AG97+AH97) -> 0 | BC97: =(L97*0.01)*(AG97+AH97) -> 0 | BD97: =(M97*0.01)*(AG97+AH97) -> 0 | BE97: =(N97*0.01)*(AG97+AH97) -> 0 | BF97: =(O97*0.01)*(AG97+AH97) -> 0 | BG97: =(P97*0.01)*(AG97+AH97) -> 0 | BH97: =(Q97*0.01)*(AG97+AH97) -> 0 | BI97: =(R97*0.01)*(AG97+AH97) -> 0 | BJ97: =(S97*0.01)*(AG97+AH97) -> 0 | BK97: =(T97*0.01)*(AG97+AH97) -> 0 | BL97: =(U97*0.01)*(AG97+AH97) -> 0
A98: =COUNTA(A89:A97) -> 0 | B98: TOTALS | C98: =SUM(C89:C97) -> 0 | D98: =SUM(D89:D97) -> 0 | E98: =SUM(E89:E97) -> 0 | V98: =SUM(V89:V97) -> 0 | W98: =SUM(W89:W97) -> 0 | X98: =SUM(X89:X97) -> 0 | Y98: =SUM(Y89:Y97) -> 0 | Z98: =SUM(Z89:Z97) -> 0 | AA98: =SUM(AA89:AA97) -> 0 | AB98: =SUM(AB89:AB97) -> 0 | AC98: =SUM(AC89:AC97) -> 0 | ... AH98: =SUM(AH89:AH97) -> 0 | AM98: RIGHT | AU98: TOTAL | AV98: =SUM(AV89:AV97) -> 0
C99: Number of Hours Worked Per Week | F99: Percentage of Time Worked in Each Program | V99: **Fringe Benefits DO NOT have to be broken out by payment categories if it is easier to key one total for all Fringe. See Columns AF and AG** | AG99: ALTERNATE PAYROLL INFORMATION
A100: Nursing Assistant/MOA's Name | B100: Discipline/Additional Role | C100: Budgeted | D100: Clinical | E100: Administrative | F100: Child Hlth | G100: Immunes | H100: Maternity | I100: Fam Plan | J100: STD | K100: TB | L100: Epidemiology | M100: BCCCP | N100: Adult Hlth | O100: Primary Care | P100: Pg Med Home | Q100: CC4C | R100: Behav Hlth-CH | S100: Behav Hlth-AH | T100: Behav Hlth - MH | U100: Other Serv | V100: Salary | W100: Bonus Pay | X100: FICA | Y100: Retirement | Z100: 401K | AA100: Workers Comp | AB100: Health Insur | AC100: Dental Insur | AD100: Life Insurance | AE100: Disability Ins | AF100: Other Fringe | AG100: Salary | AH100: Fringe | AM100: PLEASE
AG101: =V101+W101 -> 0 | AH101: =SUM(X101:AF101) -> 0 | AI101: Visit Counts | AM101: DO | AV101: =IFERROR((AG101+AH101)/(C101*52),0) -> 0 | AW101: =(F101*0.01)*(AG101+AH101) -> 0 | AX101: =(G101*0.01)*(AG101+AH101) -> 0 | AY101: =(H101*0.01)*(AG101+AH101) -> 0 | AZ101: =(I101*0.01)*(AG101+AH101) -> 0 | BA101: =(J101*0.01)*(AG101+AH101) -> 0 | BB101: =(K101*0.01)*(AG101+AH101) -> 0 | BC101: =(L101*0.01)*(AG101+AH101) -> 0 | BD101: =(M101*0.01)*(AG101+AH101) -> 0 | BE101: =(N101*0.01)*(AG101+AH101) -> 0 | BF101: =(O101*0.01)*(AG101+AH101) -> 0 | BG101: =(P101*0.01)*(AG101+AH101) -> 0 | BH101: =(Q101*0.01)*(AG101+AH101) -> 0 | BI101: =(R101*0.01)*(AG101+AH101) -> 0 | BJ101: =(S101*0.01)*(AG101+AH101) -> 0 | BK101: =(T101*0.01)*(AG101+AH101) -> 0 | BL101: =(U101*0.01)*(AG101+AH101) -> 0
AG102: =V102+W102 -> 0 | AH102: =SUM(X102:AF102) -> 0 | AI102: are not needed | AM102: NOT | AV102: =IFERROR((AG102+AH102)/(C102*52),0) -> 0 | AW102: =(F102*0.01)*(AG102+AH102) -> 0 | AX102: =(G102*0.01)*(AG102+AH102) -> 0 | AY102: =(H102*0.01)*(AG102+AH102) -> 0 | AZ102: =(I102*0.01)*(AG102+AH102) -> 0 | BA102: =(J102*0.01)*(AG102+AH102) -> 0 | BB102: =(K102*0.01)*(AG102+AH102) -> 0 | BC102: =(L102*0.01)*(AG102+AH102) -> 0 | BD102: =(M102*0.01)*(AG102+AH102) -> 0 | BE102: =(N102*0.01)*(AG102+AH102) -> 0 | BF102: =(O102*0.01)*(AG102+AH102) -> 0 | BG102: =(P102*0.01)*(AG102+AH102) -> 0 | BH102: =(Q102*0.01)*(AG102+AH102) -> 0 | BI102: =(R102*0.01)*(AG102+AH102) -> 0 | BJ102: =(S102*0.01)*(AG102+AH102) -> 0 | BK102: =(T102*0.01)*(AG102+AH102) -> 0 | BL102: =(U102*0.01)*(AG102+AH102) -> 0
...

Sheet Visits Questionnaire
A1: PLEASE REVIEW THE INFORMATION ON THE "INSTRUCTIONS" WORKSHEET BEFORE BEGINNING WORK ON THIS QUESTIONNAIRE.
A3: Section 1 | B3: This information comes from the "Practice Management Data Dashboard" report in CSDW and the "Practice Management Data Dashboard Immunizations Only" report in CSDW or from your vendor system.
B4: Please complete the information as accurately as possible.
B5: Please enter the total number of Medicaid Services and Non-Medicaid Services by program for each completed quarter. Please do not change program headings. Use the program that is the closest match.
B6: Please include four quarters of data. The Quarter labels in column B should be changed to indicate the quarterly time frame. Example: Jan - Mar 2015
AJ7: ***PLEASE DO NOT KEY INFORMATION IN THIS SECTION. THIS SECTION POPULATES FROM THE TABLE AT THE LEFT. PLEASE DO NOT KEY INFORMATION IN THIS SECTION.***
C8: Child Hlth | E8: Immunes | G8: Maternity | I8: Fam Plan | K8: STD | M8: TB | O8: Epidemiology | Q8: BCCCP | S8: Adult Hlth | U8: Primary Care | W8: Behav Hlth-CH | Y8: Behav Hlth-AH | AA8: Behav Hlth - MH | AC8: Other Serv | AE8: TOTAL | AH8: PLEASE | AJ8: Child Hlth | AK8: Immunes | AL8: Maternity | AM8: Fam Plan | AN8: STD | AO8: TB | AP8: Epidemiology | AQ8: BCCCP | AR8: Adult Hlth | AS8: Primary Care | AT8: Behav Hlth-CH | AU8: Behav Hlth-AH | AV8: Behav Hlth - MH | AW8: Other Serv | AY8: TOTAL
C9: Medicaid | D9: Non-Caid | E9: Medicaid | F9: Non-Caid | G9: Medicaid | H9: Non-Caid | I9: Medicaid | J9: Non-Caid | K9: Medicaid | L9: Non-Caid | M9: Medicaid | N9: Non-Caid | O9: Medicaid | P9: Non-Caid | Q9: Medicaid | R9: Non-Caid | S9: Medicaid | T9: Non-Caid | U9: Medicaid | V9: Non-Caid | W9: Medicaid | X9: Non-Caid | Y9: Medicaid | Z9: Non-Caid | AA9: Medicaid | AB9: Non-Caid | AC9: Medicaid | AD9: Non-Caid | AH9: DO | AI9: =B10 -> Quarter 1 | AJ9: =C10+D10 -> 0 | AK9: =E10+F10 -> 0 | AL9: =G10+H10 -> 0 | AM9: =I10+J10 -> 0 | AN9: =K10+L10 -> 0 | AO9: =M10+N10 -> 0 | AP9: =O10+P10 -> 0 | AQ9: =Q10+R10 -> 0 | AR9: =S10+T10 -> 0 | AS9: =U10+V10 -> 0 | AT9: =W10+X10 -> 0 | AU9: =Y10+Z10 -> 0 | AV9: =AA10+AB10 -> 0 | AW9: =AC10+AD10 -> 0 | AY9: Medicaid | AZ9: Non-Medicaid
B10: Quarter 1 | AE10: =SUM(C10:AD10) -> 0 | AH10: NOT | AI10: =B11 -> Quarter 2 | AJ10: =C11+D11 -> 0 | AK10: =E11+F11 -> 0 | AL10: =G11+H11 -> 0 | AM10: =I11+J11 -> 0 | AN10: =K11+L11 -> 0 | AO10: =M11+N11 -> 0 | AP10: =O11+P11 -> 0 | AQ10: =Q11+R11 -> 0 | AR10: =S11+T11 -> 0 | AS10: =U11+V11 -> 0 | AT10: =W11+X11 -> 0 | AU10: =Y11+Z11 -> 0 | AV10: =AA11+AB11 -> 0 | AW10: =AC11+AD11 -> 0 | AY10: =C14+E14+G14+I14+K14+M14+O14+Q14+S14+U14+W14+Y14+AA14+AC14 -> 0 | AZ10: =D14+F14+H14+J14+L14+N14+P14+R14+T14+V14+X14+Z14+AB14+AD14 -> 0
B11: Quarter 2 | AE11: =SUM(C11:AD11) -> 0 | AH11: KEY | AI11: =B12 -> Quarter 3 | AJ11: =C12+D12 -> 0 | AK11: =E12+F12 -> 0 | AL11: =G12+H12 -> 0 | AM11: =I12+J12 -> 0 | AN11: =K12+L12 -> 0 | AO11: =M12+N12 -> 0 | AP11: =O12+P12 -> 0 | AQ11: =Q12+R12 -> 0 | AR11: =S12+T12 -> 0 | AS11: =U12+V12 -> 0 | AT11: =W12+X12 -> 0 | AU11: =Y12+Z12 -> 0 | AV11: =AA12+AB12 -> 0 | AW11: =AC12+AD12 -> 0
B12: Quarter 3 | AE12: =SUM(C12:AD12) -> 0 | AH12: ANY | AI12: =B13 -> Quarter 4 | AJ12: =C13+D13 -> 0 | AK12: =E13+F13 -> 0 | AL12: =G13+H13 -> 0 | AM12: =I13+J13 -> 0 | AN12: =K13+L13 -> 0 | AO12: =M13+N13 -> 0 | AP12: =O13+P13 -> 0 | AQ12: =Q13+R13 -> 0 | AR12: =S13+T13 -> 0 | AS12: =U13+V13 -> 0 | AT12: =W13+X13 -> 0 | AU12: =Y13+Z13 -> 0 | AV12: =AA13+AB13 -> 0 | AW12: =AC13+AD13 -> 0
B13: Quarter 4 | AE13: =SUM(C13:AD13) -> 0 | AH13: INFORMATION | AI13: TOTAL | AJ13: =SUM(AJ9:AJ12) -> 0 | AK13: =SUM(AK9:AK12) -> 0 | AL13: =SUM(AL9:AL12) -> 0 | AM13: =SUM(AM9:AM12) -> 0 | AN13: =SUM(AN9:AN12) -> 0 | AO13: =SUM(AO9:AO12) -> 0 | AP13: =SUM(AP9:AP12) -> 0 | AQ13: =SUM(AQ9:AQ12) -> 0 | ... AW13: =SUM(AW9:AW12) -> 0
B14: TOTAL | C14: =SUM(C10:C13) -> 0 | D14: =SUM(D10:D13) -> 0 | E14: =SUM(E10:E13) -> 0 | F14: =SUM(F10:F13) -> 0 | G14: =SUM(G10:G13) -> 0 | H14: =SUM(H10:H13) -> 0 | I14: =SUM(I10:I13) -> 0 | J14: =SUM(J10:J13) -> 0 | ... AD14: =SUM(AD10:AD13) -> 0 | AE14: =SUM(C14:AD14) -> 0 | AH14: IN
AH15: THE
A16: Section 2 | B16: This information comes from the GC010AP-T report in CSDW or from your vendor system. | AH16: COLUMNS
B17: Please enter the number of Medicaid Services and the number of Non-Medicaid Services for each Visit Code | AH17: TO
AH18: THE
B19: VISIT CODE | C19: TOTAL SERVICES | D19: Medicaid Services | E19: Non-Medicaid Services | AH19: RIGHT
B20: 99201 | C20: =SUM(D20:E20) -> 0
B21: 99202 | C21: =SUM(D21:E21) -> 0
B22: 99203 | C22: =SUM(D22:E22) -> 0
B23: 99204 | C23: =SUM(D23:E23) -> 0
B24: 99205 | C24: =SUM(D24:E24) -> 0
B25: 99211 | C25: =SUM(D25:E25) -> 0
B26: 99212 | C26: =SUM(D26:E26) -> 0
B27: 99213 | C27: =SUM(D27:E27) -> 0 | AH27: PLEASE
B28: 99214 | C28: =SUM(D28:E28) -> 0 | AH28: DO
B29: 99215 | C29: =SUM(D29:E29) -> 0 | AH29: NOT
AH30: KEY
B31: 99381 | C31: =SUM(D31:E31) -> 0 | AH31: ANY
B32: 99382 | C32: =SUM(D32:E32) -> 0 | AH32: INFORMATION
B33: 99383 | C33: =SUM(D33:E33) -> 0 | AH33: IN
B34: 99384 | C34: =SUM(D34:E34) -> 0 | AH34: THE
B35: 99385 | C35: =SUM(D35:E35) -> 0 | AH35: COLUMNS
B36: 99386 | C36: =SUM(D36:E36) -> 0 | AH36: TO
B37: 99387 | C37: =SUM(D37:E37) -> 0 | AH37: THE
B38: 99391 | C38: =SUM(D38:E38) -> 0 | AH38: RIGHT
B39: 99392 | C39: =SUM(D39:E39) -> 0
B40: 99393 | C40: =SUM(D40:E40) -> 0
B41: 99394 | C41: =SUM(D41:E41) -> 0
B42: 99395 | C42: =SUM(D42:E42) -> 0
B43: 99396 | C43: =SUM(D43:E43) -> 0
B44: 99397 | C44: =SUM(D44:E44) -> 0
A47: Section 3 | B47: Please review the information entered in this worksheet to be sure that all data is complete and correct.
B48: If there are programs on the right hand side of the page past the Red line that have no data, please hide those columns. | AH48: PLEASE
B49: Please DO NOT DELETE the columns - HIDE the columns. | AH49: DO
AH50: NOT
A51: Section 4 | B51: Please review the "Cost per Serv" tab in this file. Please make any formatting changes needed to ensure that the report is correct and legible including changing the Agency Name. | AH51: KEY
AH52: ANY
A53: Section 5 | B53: Please review the "Visits by Prg" tab in this file. Please make any formatting changes needed to ensure that the report is correct and legible including changing the Agency Name and date range. | AH53: INFORMATION
AH54: IN
A55: Section 6 | B55: Please review the "Total Visits by Qtr" tab in this file. Please make any formatting changes needed to ensure that the report is correct and legible including changing the Agency Name and date range. | AH55: THE
AH56: COLUMNS
A57: Section 7 | B57: Please review the "Payer Mix" tab in this file. Please make any formatting changes needed to ensure that both reports are correct and legible including changing the Agency Name and date range. | AH57: TO
AH58: THE
A59: Section 8 | B59: Please review the "Bell Curve" tab in this file. Please make any formatting changes needed to ensure that the report is correct and legible including changing the Agency Name and date range. | AH59: RIGHT
A61: Section 9 | B61: Please review the "Visit Mix" tab in this file. Please make any formatting changes needed to ensure that all four graphs are correct and legible including changing the Agency Name and date range.
AH69: PLEASE
AH70: DO
AH71: NOT
AH72: KEY
AH73: ANY
AH74: INFORMATION
AH75: IN
AH76: THE
AH77: COLUMNS
AH78: TO
AH79: THE
AH80: RIGHT
... AH97: RIGHT

Sheet Additional Data Questionnaire
A1: PLEASE REVIEW THE INFORMATION ON THE "INSTRUCTIONS" WORKSHEET BEFORE BEGINNING WORK ON THIS QUESTIONNAIRE.
A3: Section 1 | B3: This information comes from the SCH307 report in HIS or from your vendor system.
B4: Please enter the total number of Cancelled, Rescheduled, Missed, or Kept appointments by clinic. Please do not change column headings. Use the heading that is the closest match.
B5: "Clinic Cancelled" means that the Health Department called the patient and cancelled the appointment. If the appointment was rescheduled, it should be counted as "Rescheduled".
B6: "Patient Cancelled" means that the patient cancelled the appointment and did not reschedule.
B7: "Rescheduled" means that the appointment was rescheduled.
B8: "Missed" means that the patient did not show for the appointment or reschedule the appointment.
B9: "Kept" means that the patient kept the appointment.
B10: After all information has been keyed into the table below, please hide any remaining blank rows in the table. Please DO NOT DELETE the rows. Please hide the blank rows.
B12: Clinic Name | C12: Clinic Cancelled | D12: Patient Cancelled | E12: Rescheduled | F12: Missed | G12: Kept | H12: Total | J12: Clinic Name | K12: No Show % | L12: Kept Rate
H13: =SUM(C13:G13) -> 0 | J13: =B13 -> 0 | K13: =IFERROR(1-L13,0) -> 1 | L13: =IFERROR(G13/H13,0) -> 0
H14: =SUM(C14:G14) -> 0 | J14: =B14 -> 0 | K14: =IFERROR(1-L14,0) -> 1 | L14: =IFERROR(G14/H14,0) -> 0
H15: =SUM(C15:G15) -> 0 | J15: =B15 -> 0 | K15: =IFERROR(1-L15,0) -> 1 | L15: =IFERROR(G15/H15,0) -> 0
H16: =SUM(C16:G16) -> 0 | J16: =B16 -> 0 | K16: =IFERROR(1-L16,0) -> 1 | L16: =IFERROR(G16/H16,0) -> 0
H17: =SUM(C17:G17) -> 0 | J17: =B17 -> 0 | K17: =IFERROR(1-L17,0) -> 1 | L17: =IFERROR(G17/H17,0) -> 0
H18: =SUM(C18:G18) -> 0 | J18: =B18 -> 0 | K18: =IFERROR(1-L18,0) -> 1 | L18: =IFERROR(G18/H18,0) -> 0
H19: =SUM(C19:G19) -> 0 | J19: =B19 -> 0 | K19: =IFERROR(1-L19,0) -> 1 | L19: =IFERROR(G19/H19,0) -> 0
H20: =SUM(C20:G20) -> 0 | J20: =B20 -> 0 | K20: =IFERROR(1-L20,0) -> 1 | L20: =IFERROR(G20/H20,0) -> 0
H21: =SUM(C21:G21) -> 0 | J21: =B21 -> 0 | K21: =IFERROR(1-L21,0) -> 1 | L21: =IFERROR(G21/H21,0) -> 0
H22: =SUM(C22:G22) -> 0 | J22: =B22 -> 0 | K22: =IFERROR(1-L22,0) -> 1 | L22: =IFERROR(G22/H22,0) -> 0
B23: TOTALS | C23: =SUM(C13:C22) -> 0 | D23: =SUM(D13:D22) -> 0 | E23: =SUM(E13:E22) -> 0 | F23: =SUM(F13:F22) -> 0 | G23: =SUM(G13:G22) -> 0 | H23: =SUM(H13:H22) -> 0
A26: Section 2 | B26: This information comes from your appointment system.
B27: Please enter, in number of days, the length of time until the next available appointment for each appointment type listed.
B28: Appointment types can be changed, if necessary.
B29: After all information has been keyed into the table below, please hide any remaining blank rows in the table. Please DO NOT DELETE the rows. Please hide the blank rows.
B30: If it is necessary to add rows, please add them above the "STD" line so the data will appear correctly on the "Next Appt" graph.
B32: APPOINTMENT TYPE | C32: # DAYS NEXT AVAILABLE
B33: Adult Health Sick
B34: Adult Health Well
B35: Adult Immunization
B36: Primary Care New
B37: Primary Care Physical
B38: Primary Care Problem
B39: Child Immunization
B40: Child Health Sick
B41: Child Health Well
B42: Family Planning Physical
B43: Family Planning Problem
B44: Maternity New
... B50: STD
A52: Section 3 | B52: Please review the information entered in this worksheet to be sure that all data is complete and correct.
A54: Section 4 | B54: Please review the "Appt Outcomes" tab in this file. Please make any formatting changes needed to ensure that the report is correct and legible including changing the agency name and date range.
A56: Section 5 | B56: Please review the "No Show" tab in this file. Please make any formatting changes needed to ensure that the report is correct and legible including changing the agency name and date range.
A58: Section 6 | B58: Please review the "Next Appt" tab in this file. Please make any formatting changes needed to ensure that the report is correct and legible including changing the agency name and date.

Sheet Provider Comp
A1: This spreadsheet compares this Health Department's staffing to the Private Practice Model and to the Public Health Consensus Model
A3: ='Staffing Questionnaire'!C2 -> 0 | E3: Staffing Comparison Models of Provider and Support Staff
A5: ='Staffing Questionnaire'!M2 -> 0 | C5: Private Practice Model | F5: PH Consensus Model | I5: Health Department Current Staffing
A6: Staffing | C6: FTE | D6: Rate/Hour | E6: Hourly Cost | F6: FTE | G6: Rate/Hour | H6: Hourly Cost | I6: FTE | J6: Rate/Hour | K6: Hourly Cost
A7: Provider - MDs | B7: 50 | D7: =96.49*132% -> 127.3668 | E7: =C7*D7 -> 0 | G7: =D7 -> 127.3668 | H7: =F7*G7 -> 0 | I7: ='Staffing Questionnaire'!D21/40 -> 0 | J7: =IFERROR(('Staffing Questionnaire'!AV21)/'Staffing Questionnaire'!A21,0) -> 0 | K7: =I7*J7 -> 0
A8: Provider - NP/PA | C8: 1 | D8: =((45.76+46.16)/2)*132% -> 60.6672 | E8: =C8*D8 -> 60.6672 | F8: 1 | G8: =D8 -> 60.6672 | H8: =F8*G8 -> 60.6672 | I8: ='Staffing Questionnaire'!D40/40 -> 0 | J8: =IFERROR(('Staffing Questionnaire'!AV40)/'Staffing Questionnaire'!A40,0) -> 0 | K8: =I8*J8 -> 0
A9: RN | B9: 40 | C9: 0.5 | D9: =28.86*132% -> 38.0952 | E9: =C9*D9 -> 19.0476 | F9: 1 | G9: =D9 -> 38.0952 | H9: =F9*G9 -> 38.0952 | I9: ='Staffing Questionnaire'!D86/40 -> 0 | J9: =IFERROR(('Staffing Questionnaire'!AV86)/'Staffing Questionnaire'!A86,0) -> 0 | K9: =I9*J9 -> 0
A10: Clinic Assistant | B10: 18 | C10: 1 | D10: =14.37*132% -> 18.9684 | E10: =C10*D10 -> 18.9684 | F10: 0.5 | G10: =D10 -> 18.9684 | H10: =F10*G10 -> 9.4842 | I10: ='Staffing Questionnaire'!D98/40 -> 0 | J10: =IFERROR(('Staffing Questionnaire'!AV110)/'Staffing Questionnaire'!A110,0) -> 0 | K10: =I10*J10 -> 0
A11: Lab | B11: 18 | C11: 0.15 | D11: =19.46*132% -> 25.6872 | E11: =C11*D11 -> 3.85308 | F11: 0.5 | G11: =D11 -> 25.6872 | H11: =F11*G11 -> 12.8436 | I11: ='Staffing Questionnaire'!D98/40 -> 0 | J11: =IFERROR(('Staffing Questionnaire'!AV98)/'Staffing Questionnaire'!A98,0) -> 0 | K11: =I11*J11 -> 0
A12: Interpreter (compare to PH) | B12: 28 | C12: 0.75 | D12: =21*132% -> 27.72 | E12: =C12*D12 -> 20.79 | F12: 0.75 | G12: =D12 -> 27.72 | H12: =F12*G12 -> 20.79 | I12: ='Staffing Questionnaire'!D125/40 -> 0 | J12: =IFERROR(('Staffing Questionnaire'!AV125)/'Staffing Questionnaire'!A125,0) -> 0 | K12: =I12*J12 -> 0
A13: Clerical (Reception, Eligibility, Med Rec) | B13: 18 | C13: 1 | D13: =((14.32+16.77)/2)*132% -> 20.5194 | E13: =C13*D13 -> 20.5194 | F13: 1.5 | G13: =D13 -> 20.5194 | H13: =F13*G13 -> 30.7791 | I13: ='Staffing Questionnaire'!D147/40-'ERN Comp'!I9 -> 0 | J13: =IFERROR(('Staffing Questionnaire'!AV147)/'Staffing Questionnaire'!A147,0) -> 0 | K13: =I13*J13 -> 0
A14: Billing | B14: 18 | C14: 0.25 | D14: =D13 -> 20.5194 | E14: =C14*D14 -> 5.12985 | F14: 0.25 | G14: =D14 -> 20.5194 | H14: =F14*G14 -> 5.12985 | I14: ='Staffing Questionnaire'!D160/40-'ERN Comp'!I10 -> 0 | J14: =IFERROR(('Staffing Questionnaire'!AV160)/'Staffing Questionnaire'!A160,0) -> 0 | K14: =I14*J14 -> 0
A16: Total all staff per hour | E16: =SUM(E7:E14) -> 148.97553 | H16: =SUM(H7:H14) -> 177.78915 | K16: =SUM(K7:K14) -> 0
A17: Total all staff x 8h/day | E17: =E16*8 -> 1191.8042 | H17: =H16*8 -> 1422.3132 | K17: =K16*8 -> 0
A18: Total all staff x 2080h/yr | E18: =E16*2080 -> 309869.1 | H18: =H16*2080 -> 369801.43 | K18: =K16*2080 -> 0
A20: Projected revenue | E20: =4800*78 -> 374400 | H20: =4800*78 -> 374400 | K20: =(((I7+I8)*4800)*78) -> 0
A21: Revenue minus costs = Profit/(Loss) | E21: =E20-E18 -> 64530.898 | H21: =H20-H18 -> 4598.568 | K21: =K20-K18 -> 0
A23: **Projected revenue assumptions**
A24: 4800 visits at $78 per MD/NP/PA
A25: No revenue generated per RN
I26: **FTE Calculations are based on
A27: Clerical and Billing may have some FTE's | I27: 40 hours worked per week**
A28: on the ERN Model Report

Sheet ERN Comp
A1: This spreadsheet shows the potential earning capacity of this Health Department's Enhanced Role Nurses as compared to the Public Health Consensus Model
A3: ='Staffing Questionnaire'!C2 -> 0 | E3: Enhanced Role Nurse Models With Only Clerical and Billing Staff Support
A5: ='Staffing Questionnaire'!M2 -> 0 | C5: Child Health ERN Model | F5: STD ERN Model | I5: Health Department Current Staffing
A6: Staffing | C6: FTE | D6: Rate/Hour | E6: Hourly Cost | F6: FTE | G6: Rate/Hour | H6: Hourly Cost | I6: FTE | J6: Rate/Hour | K6: Hourly Cost
A7: CH ERN | C7: 1 | D7: 45 | E7: =C7*D7 -> 45 | G7: 45 | H7: =F7*G7 -> 0 | I7: ='Staffing Questionnaire'!D49/40 -> 0 | J7: =IFERROR(('Staffing Questionnaire'!AV49)/'Staffing Questionnaire'!A49,0) -> 0 | K7: =I7*J7 -> 0
A8: STD ERN | D8: 45 | E8: =C8*D8 -> 0 | F8: 1 | G8: 45 | H8: =F8*G8 -> 45 | I8: ='Staffing Questionnaire'!D59/40 -> 0 | J8: =IFERROR(('Staffing Questionnaire'!AV59)/'Staffing Questionnaire'!A59,0) -> 0 | K8: =I8*J8 -> 0
A9: Clerical (Reception, Eligibility, Med Rec) | B9: 18 | C9: 0.75 | D9: =((14.32+16.77)/2)*132% -> 20.5194 | E9: =C9*D9 -> 15.38955 | F9: 0.75 | G9: =D9 -> 20.5194 | H9: =F9*G9 -> 15.38955 | I9: =(I7+I8)*0.75 -> 0 | J9: =IFERROR(('Staffing Questionnaire'!AV147)/'Staffing Questionnaire'!A147,0) -> 0 | K9: =I9*J9 -> 0
A10: Billing | B10: 18 | C10: 0.25 | D10: =D9 -> 20.5194 | E10: =C10*D10 -> 5.12985 | F10: 0.25 | G10: =D10 -> 20.5194 | H10: =F10*G10 -> 5.12985 | I10: =(I8+I7)*0.25 -> 0 | J10: =IFERROR(('Staffing Questionnaire'!AV160)/'Staffing Questionnaire'!A160,0) -> 0 | K10: =I10*J10 -> 0
A12: Total all staff per hour | E12: =SUM(E7:E10) -> 65.5194 | H12: =SUM(H7:H10) -> 65.5194 | K12: =SUM(K7:K10) -> 0
A13: Total all staff x 8h/day | E13: =E12*8 -> 524.1552 | H13: =H12*8 -> 524.1552 | K13: =K12*8 -> 0
A14: Total all staff x 2080h/yr | E14: =E12*2080 -> 136280.35 | H14: =H12*2080 -> 136280.35 | K14: =K12*2080 -> 0
A16: Projected revenue | E16: =1440*90 -> 129600 | H16: =2400*45 -> 108000 | K16: =((I7*1440)*90)+((I8*2400)*45) -> 0
A17: Revenue minus costs = Profit/(Loss) | E17: =E16-E14 -> -6680.352 | H17: =H16-H14 -> -28280.352 | K17: =K16-K14 -> 0
A19: **Projected revenue assumptions**
A20: 1440 visits at $90 per CH ERN
A21: 2400 visits at $45 per STD ERN
A23: Health Department Current Staffing | I23: **FTE Calculations are based on
A24: Clerical and Billing are calculated as | I24: 40 hours worked per week**
A25: .75 and .25 of ERN FTE
A26: Remaing Clerical and Billing FTE's are
A27: on Comparison Models Report

Sheet Staff Capacity
A1: This spreadsheet compares the potential number of visits by each provider group to the actual number of visits
A3: ='Staffing Questionnaire'!C2 -> 0
A4: Staffing Capacity Report
A5: January 1, 2015 - December 31, 2015
B7: FTE | C7: Capacity = FTE X Constant | D7: Actual Visits | E7: Constants
A8: MD | B8: ='Provider Comp'!I7 -> 0 | C8: =B8*4800 -> 0 | D8: ='Staffing Questionnaire'!AI21+'Staffing Questionnaire'!AJ21 -> 0 | E8: 20 Patients per Day 4800 visits per year
A9: NP/PA | B9: ='Provider Comp'!I8 -> 0 | C9: =B9*4800 -> 0 | D9: ='Staffing Questionnaire'!AI40+'Staffing Questionnaire'!AJ40 -> 0 | E9: 20 Patients per Day 4800 visits per year
A10: CH ERN | B10: ='ERN Comp'!I7 -> 0 | C10: =B10*1440 -> 0 | D10: ='Staffing Questionnaire'!AI49+'Staffing Questionnaire'!AJ49 -> 0 | E10: 6 Patients per Day 1440 visits per year
A11: STD ERN | B11: ='ERN Comp'!I8 -> 0 | C11: =B11*2400 -> 0 | D11: ='Staffing Questionnaire'!AI59+'Staffing Questionnaire'!AJ59 -> 0 | E11: 10 Patients per Day 2400 visits per year
A12: RN | B12: ='Provider Comp'!I9 -> 0 | C12: =B12*4800 -> 0 | D12: ='Staffing Questionnaire'!AI86+'Staffing Questionnaire'!AJ86 -> 0 | E12: 20 Patients per Day 4800 visits per year
A13: Administration | B13: ='Provider Comp'!I13+'Provider Comp'!I14+'ERN Comp'!I9+'ERN Comp'!I10 -> 0 | C13: =1.75*(B8+B9+B10+B11+B12) -> 0 | D13: Excludes interpreters who might also perform administrative duties Should be 1.75 FTE for every Provider FTE
B15: Please check your agency's Appointment Schedules to see if your agency's schedule can accommodate this capacity

Sheet Staff Reassignment
A1: This spreadsheet uses the actual number of services provided, calculates the number of staff needed to provide those services, and identifies the number of staff who could be reassigned.
A3: ='Staffing Questionnaire'!C2 -> 0
A4: Potential Staff Reassignment Report
A5: January 1, 2015 - December 31, 2015
B7: Constants | C7: Actual Visits | D7: FTE's Needed to Provide Services | E7: Current FTE's | F7: Potential Staff for Reassignment
A8: MD | B8: 20 Patients per Day 4800 visits per year | C8: ='Staffing Questionnaire'!AI21+'Staffing Questionnaire'!AJ21 -> 0 | D8: =C8/4800 -> 0 | E8: ='Provider Comp'!I7 -> 0 | F8: =E8-D8 -> 0
A9: NP/PA | B9: 20 Patients per Day 4800 visits per year | C9: ='Staffing Questionnaire'!AI40+'Staffing Questionnaire'!AJ40 -> 0 | D9: =C9/4800 -> 0 | E9: ='Provider Comp'!I8 -> 0 | F9: =E9-D9 -> 0
A10: CH ERN | B10: 6 Patients per Day 1440 visits per year | C10: ='Staffing Questionnaire'!AI49+'Staffing Questionnaire'!AJ49 -> 0 | D10: =C10/1440 -> 0 | E10: ='ERN Comp'!I7 -> 0 | F10: =E10-D10 -> 0
A11: STD ERN | B11: 10 Patients per Day 2400 visits per year | C11: ='Staffing Questionnaire'!AI59+'Staffing Questionnaire'!AJ59 -> 0 | D11: =C11/2400 -> 0 | E11: ='ERN Comp'!I8 -> 0 | F11: =E11-D11 -> 0
A12: RN | B12: 20 Patients per Day 4800 visits per year | C12: ='Staffing Questionnaire'!AI86+'Staffing Questionnaire'!AJ86 -> 0 | D12: =C12/4800 -> 0 | E12: ='Provider Comp'!I9 -> 0 | F12: =E12-D12 -> 0
A13: Clinical Assistant | B13: Should be .50 FTE for every Provider FTE | D13: =(SUM(D8:D12))*0.5 -> 0 | E13: ='Provider Comp'!I10 -> 0 | F13: =E13-D13 -> 0
A14: LAB | B14: Should be .50 FTE for every Provider FTE | D14: =(SUM(D8:D12))*0.5 -> 0 | E14: ='Provider Comp'!I11 -> 0 | F14: =E14-D14 -> 0
A15: Interpreter | B15: Should be .75 for every Provider FTE | D15: =(SUM(D8:D12))*0.75 -> 0 | E15: ='Provider Comp'!I12 -> 0 | F15: =E15-D15 -> 0
A16: Administration | B16: Excludes interpreters who might also perform administrative duties Should be 1.75 FTE for every Provider FTE and 1.00 FTE for every ERRN | D16: =((D8+D9)*1.75)+((D10+D11)*1) -> 0 | E16: ='Provider Comp'!I13+'Provider Comp'!I14+'ERN Comp'!I9+'ERN Comp'!I10 -> 0 | F16: =E16-D16 -> 0

Sheet Revenues
A1: This graph calculates the Profit/(Loss) for each provider discipline by using the actual number of visits times the assumed reimbursement, minus the actual payroll costs
P3: CALCULATIONS ONLY - DO NOT PRINT
R4: Total Clinic Payroll | S4: ='Staffing Questionnaire'!AG21+'Staffing Questionnaire'!AH21+'Staffing Questionnaire'!AG40+'Staffing Questionnaire'!AH40+'Staffing Questionnaire'!AG49+'Staffing Questionnaire'!AH49+'Staffing Questionnaire'!AG59+'Staffing Questionnaire'!AH59+'Staffing Questionnaire'!AG86+'Staffing Questionnaire'!AH86+'Staffing Questionnaire'!AG98+'Staffing Questionnaire'!AH98+'Staffing Questionnaire'!AG110+'Staffing Questionnaire'!AH110+'Staffing Questionnaire'!AG125+'Staffing Questionnaire'!AH125+'Staffing Questionnaire'!AG147+'Staffing Questionnaire'!AH147+'Staffing Questionnaire'!AG160+'Staffing Questionnaire'!AH160 -> 0
Q5: Agency Profit/(Loss) | R5: Payroll Costs | S5: Actual Visits x Assumed Revenue
P6: MD | Q6: =S6-R6 -> 0 | R6: ='Staffing Questionnaire'!AG21+'Staffing Questionnaire'!AH21 -> 0 | S6: ='Staff Capacity'!D8*78 -> 0
P7: NP/PA | Q7: =S7-R7 -> 0 | R7: ='Staffing Questionnaire'!AG40+'Staffing Questionnaire'!AH40 -> 0 | S7: ='Staff Capacity'!D9*78 -> 0
P8: CH ERN | Q8: =S8-R8 -> 0 | R8: ='Staffing Questionnaire'!AG49+'Staffing Questionnaire'!AH49 -> 0 | S8: ='Staff Capacity'!D10*90 -> 0
P9: STD ERN | Q9: =S9-R9 -> 0 | R9: ='Staffing Questionnaire'!AG59+'Staffing Questionnaire'!AH59 -> 0 | S9: ='Staff Capacity'!D11*45 -> 0
P10: RN | Q10: =S10-R10 -> 0 | R10: ='Staffing Questionnaire'!AG86+'Staffing Questionnaire'!AH86 -> 0 | S10: ='Staff Capacity'!D12*38 -> 0
P11: Support Staff | Q11: =S11-R11 -> 0 | R11: ='Staffing Questionnaire'!AG98+'Staffing Questionnaire'!AH98+'Staffing Questionnaire'!AG110+'Staffing Questionnaire'!AH110+'Staffing Questionnaire'!AG125+'Staffing Questionnaire'!AH125+'Staffing Questionnaire'!AG147+'Staffing Questionnaire'!AH147+'Staffing Questionnaire'!AG160+'Staffing Questionnaire'!AH160 -> 0

Sheet Actual Revenes
A1: This graph calculates the Profit/(Loss) for each clinical staff member based on budgeted salary/fringe and actual revenue collected.
A2: Please HIDE any rows that do not have an employee's name listed. PLEASE DO NOT DELETE THE ROWS. Please HIDE the rows.
A4: ='Staffing Questionnaire'!C2 -> 0
A5: Budgeted Salary/Fringe for Current Fiscal Year
A6: Compared to Actual Revenue Received
A7: January 1, 2015 - December 31, 2015
A9: Employee Name | B9: Discipline | C9: Budgeted Salary/Fringe | D9: Actual Revenue | E9: Profit/(Loss)
A10: ='Staffing Questionnaire'!A11 -> 0 | B10: ='Staffing Questionnaire'!B11 -> 0 | C10: ='Staffing Questionnaire'!AG11+'Staffing Questionnaire'!AH11 -> 0 | D10: ='Staffing Questionnaire'!AK11 -> 0 | E10: =D10-C10 -> 0
A11: ='Staffing Questionnaire'!A12 -> 0 | B11: ='Staffing Questionnaire'!B12 -> 0 | C11: ='Staffing Questionnaire'!AG12+'Staffing Questionnaire'!AH12 -> 0 | D11: ='Staffing Questionnaire'!AK12 -> 0 | E11: =D11-C11 -> 0
A12: ='Staffing Questionnaire'!A13 -> 0 | B12: ='Staffing Questionnaire'!B13 -> 0 | C12: ='Staffing Questionnaire'!AG13+'Staffing Questionnaire'!AH13 -> 0 | D12: ='Staffing Questionnaire'!AK13 -> 0 | E12: =D12-C12 -> 0
A13: ='Staffing Questionnaire'!A14 -> 0 | B13: ='Staffing Questionnaire'!B14 -> 0 | C13: ='Staffing Questionnaire'!AG14+'Staffing Questionnaire'!AH14 -> 0 | D13: ='Staffing Questionnaire'!AK14 -> 0 | E13: =D13-C13 -> 0
A14: ='Staffing Questionnaire'!A15 -> 0 | B14: ='Staffing Questionnaire'!B15 -> 0 | C14: ='Staffing Questionnaire'!AG15+'Staffing Questionnaire'!AH15 -> 0 | D14: ='Staffing Questionnaire'!AK15 -> 0 | E14: =D14-C14 -> 0
A15: ='Staffing Questionnaire'!A16 -> 0 | B15: ='Staffing Questionnaire'!B16 -> 0 | C15: ='Staffing Questionnaire'!AG16+'Staffing Questionnaire'!AH16 -> 0 | D15: ='Staffing Questionnaire'!AK16 -> 0 | E15: =D15-C15 -> 0
A16: ='Staffing Questionnaire'!A17 -> 0 | B16: ='Staffing Questionnaire'!B17 -> 0 | C16: ='Staffing Questionnaire'!AG17+'Staffing Questionnaire'!AH17 -> 0 | D16: ='Staffing Questionnaire'!AK17 -> 0 | E16: =D16-C16 -> 0
A17: ='Staffing Questionnaire'!A18 -> 0 | B17: ='Staffing Questionnaire'!B18 -> 0 | C17: ='Staffing Questionnaire'!AG18+'Staffing Questionnaire'!AH18 -> 0 | D17: ='Staffing Questionnaire'!AK18 -> 0 | E17: =D17-C17 -> 0
A18: ='Staffing Questionnaire'!A19 -> 0 | B18: ='Staffing Questionnaire'!B19 -> 0 | C18: ='Staffing Questionnaire'!AG19+'Staffing Questionnaire'!AH19 -> 0 | D18: ='Staffing Questionnaire'!AK19 -> 0 | E18: =D18-C18 -> 0
A19: ='Staffing Questionnaire'!A20 -> 0 | B19: ='Staffing Questionnaire'!B20 -> 0 | C19: ='Staffing Questionnaire'!AG20+'Staffing Questionnaire'!AH20 -> 0 | D19: ='Staffing Questionnaire'!AK20 -> 0 | E19: =D19-C19 -> 0
A20: ='Staffing Questionnaire'!A24 -> 0 | B20: ='Staffing Questionnaire'!B24 -> 0 | C20: ='Staffing Questionnaire'!AG24+'Staffing Questionnaire'!AH24 -> 0 | D20: ='Staffing Questionnaire'!AK24 -> 0 | E20: =D20-C20 -> 0
A21: ='Staffing Questionnaire'!A25 -> 0 | B21: ='Staffing Questionnaire'!B25 -> 0 | C21: ='Staffing Questionnaire'!AG25+'Staffing Questionnaire'!AH25 -> 0 | D21: ='Staffing Questionnaire'!AK25 -> 0 | E21: =D21-C21 -> 0
A22: ='Staffing Questionnaire'!A26 -> 0 | B22: ='Staffing Questionnaire'!B26 -> 0 | C22: ='Staffing Questionnaire'!AG26+'Staffing Questionnaire'!AH26 -> 0 | D22: ='Staffing Questionnaire'!AK26 -> 0 | E22: =D22-C22 -> 0
A23: ='Staffing Questionnaire'!A27 -> 0 | B23: ='Staffing Questionnaire'!B27 -> 0 | C23: ='Staffing Questionnaire'!AG27+'Staffing Questionnaire'!AH27 -> 0 | D23: ='Staffing Questionnaire'!AK27 -> 0 | E23: =D23-C23 -> 0
A24: ='Staffing Questionnaire'!A28 -> 0 | B24: ='Staffing Questionnaire'!B28 -> 0 | C24: ='Staffing Questionnaire'!AG28+'Staffing Questionnaire'!AH28 -> 0 | D24: ='Staffing Questionnaire'!AK28 -> 0 | E24: =D24-C24 -> 0
A25: ='Staffing Questionnaire'!A29 -> 0 | B25: ='Staffing Questionnaire'!B29 -> 0 | C25: ='Staffing Questionnaire'!AG29+'Staffing Questionnaire'!AH29 -> 0 | D25: ='Staffing Questionnaire'!AK29 -> 0 | E25: =D25-C25 -> 0
A26: ='Staffing Questionnaire'!A30 -> 0 | B26: ='Staffing Questionnaire'!B30 -> 0 | C26: ='Staffing Questionnaire'!AG30+'Staffing Questionnaire'!AH30 -> 0 | D26: ='Staffing Questionnaire'!AK30 -> 0 | E26: =D26-C26 -> 0
A27: ='Staffing Questionnaire'!A31 -> 0 | B27: ='Staffing Questionnaire'!B31 -> 0 | C27: ='Staffing Questionnaire'!AG31+'Staffing Questionnaire'!AH31 -> 0 | D27: ='Staffing Questionnaire'!AK31 -> 0 | E27: =D27-C27 -> 0
A28: ='Staffing Questionnaire'!A32 -> 0 | B28: ='Staffing Questionnaire'!B32 -> 0 | C28: ='Staffing Questionnaire'!AG32+'Staffing Questionnaire'!AH32 -> 0 | D28: ='Staffing Questionnaire'!AK32 -> 0 | E28: =D28-C28 -> 0
A29: ='Staffing Questionnaire'!A33 -> 0 | B29: ='Staffing Questionnaire'!B33 -> 0 | C29: ='Staffing Questionnaire'!AG33+'Staffing Questionnaire'!AH33 -> 0 | D29: ='Staffing Questionnaire'!AK33 -> 0 | E29: =D29-C29 -> 0
A30: ='Staffing Questionnaire'!A34 -> 0 | B30: ='Staffing Questionnaire'!B34 -> 0 | C30: ='Staffing Questionnaire'!AG34+'Staffing Questionnaire'!AH34 -> 0 | D30: ='Staffing Questionnaire'!AK34 -> 0 | E30: =D30-C30 -> 0
A31: ='Staffing Questionnaire'!A35 -> 0 | B31: ='Staffing Questionnaire'!B35 -> 0 | C31: ='Staffing Questionnaire'!AG35+'Staffing Questionnaire'!AH35 -> 0 | D31: ='Staffing Questionnaire'!AK35 -> 0 | E31: =D31-C31 -> 0
... A35: ='Staffing Questionnaire'!A39 -> 0 | B35: ='Staffing Questionnaire'!B39 -> 0 | C35: ='Staffing Questionnaire'!AG39+'Staffing Questionnaire'!AH39 -> 0 | D35: ='Staffing Questionnaire'!AK39 -> 0 | E35: =D35-C35 -> 0
A36: ='Staffing Questionnaire'!A43 -> 0 | B36: ='Staffing Questionnaire'!B43 -> 0 | C36: ='Staffing Questionnaire'!AG43+'Staffing Questionnaire'!AH43 -> 0 | D36: ='Staffing Questionnaire'!AK43 -> 0 | E36: =D36-C36 -> 0
A37: ='Staffing Questionnaire'!A44 -> 0 | B37: ='Staffing Questionnaire'!B44 -> 0 | C37: ='Staffing Questionnaire'!AG44+'Staffing Questionnaire'!AH44 -> 0 | D37: ='Staffing Questionnaire'!AK44 -> 0 | E37: =D37-C37 -> 0
A38: ='Staffing Questionnaire'!A45 -> 0 | B38: ='Staffing Questionnaire'!B45 -> 0 | C38: ='Staffing Questionnaire'!AG45+'Staffing Questionnaire'!AH45 -> 0 | D38: ='Staffing Questionnaire'!AK45 -> 0 | E38: =D38-C38 -> 0
A39: ='Staffing Questionnaire'!A46 -> 0 | B39: ='Staffing Questionnaire'!B46 -> 0 | C39: ='Staffing Questionnaire'!AG46+'Staffing Questionnaire'!AH46 -> 0 | D39: ='Staffing Questionnaire'!AK46 -> 0 | E39: =D39-C39 -> 0
A40: ='Staffing Questionnaire'!A47 -> 0 | B40: ='Staffing Questionnaire'!B47 -> 0 | C40: ='Staffing Questionnaire'!AG47+'Staffing Questionnaire'!AH47 -> 0 | D40: ='Staffing Questionnaire'!AK47 -> 0 | E40: =D40-C40 -> 0
A41: ='Staffing Questionnaire'!A48 -> 0 | B41: ='Staffing Questionnaire'!B48 -> 0 | C41: ='Staffing Questionnaire'!AG48+'Staffing Questionnaire'!AH48 -> 0 | D41: ='Staffing Questionnaire'!AK48 -> 0 | E41: =D41-C41 -> 0
A42: ='Staffing Questionnaire'!A52 -> 0 | B42: ='Staffing Questionnaire'!B52 -> 0 | C42: ='Staffing Questionnaire'!AG52+'Staffing Questionnaire'!AH52 -> 0 | D42: ='Staffing Questionnaire'!AK52 -> 0 | E42: =D42-C42 -> 0
A43: ='Staffing Questionnaire'!A53 -> 0 | B43: ='Staffing Questionnaire'!B53 -> 0 | C43: ='Staffing Questionnaire'!AG53+'Staffing Questionnaire'!AH53 -> 0 | D43: ='Staffing Questionnaire'!AK53 -> 0 | E43: =D43-C43 -> 0
A44: ='Staffing Questionnaire'!A54 -> 0 | B44: ='Staffing Questionnaire'!B54 -> 0 | C44: ='Staffing Questionnaire'!AG54+'Staffing Questionnaire'!AH54 -> 0 | D44: ='Staffing Questionnaire'!AK54 -> 0 | E44: =D44-C44 -> 0
A45: ='Staffing Questionnaire'!A55 -> 0 | B45: ='Staffing Questionnaire'!B55 -> 0 | C45: ='Staffing Questionnaire'!AG55+'Staffing Questionnaire'!AH55 -> 0 | D45: ='Staffing Questionnaire'!AK55 -> 0 | E45: =D45-C45 -> 0
A46: ='Staffing Questionnaire'!A56 -> 0 | B46: ='Staffing Questionnaire'!B56 -> 0 | C46: ='Staffing Questionnaire'!AG56+'Staffing Questionnaire'!AH56 -> 0 | D46: ='Staffing Questionnaire'!AK56 -> 0 | E46: =D46-C46 -> 0
A47: ='Staffing Questionnaire'!A57 -> 0 | B47: ='Staffing Questionnaire'!B57 -> 0 | C47: ='Staffing Questionnaire'!AG57+'Staffing Questionnaire'!AH57 -> 0 | D47: ='Staffing Questionnaire'!AK57 -> 0 | E47: =D47-C47 -> 0
A48: ='Staffing Questionnaire'!A58 -> 0 | B48: ='Staffing Questionnaire'!B58 -> 0 | C48: ='Staffing Questionnaire'!AG58+'Staffing Questionnaire'!AH58 -> 0 | D48: ='Staffing Questionnaire'!AK58 -> 0 | E48: =D48-C48 -> 0
A49: ='Staffing Questionnaire'!A62 -> 0 | B49: ='Staffing Questionnaire'!B62 -> 0 | C49: ='Staffing Questionnaire'!AG62+'Staffing Questionnaire'!AH62 -> 0 | D49: ='Staffing Questionnaire'!AK62 -> 0 | E49: =D49-C49 -> 0
A50: ='Staffing Questionnaire'!A63 -> 0 | B50: ='Staffing Questionnaire'!B63 -> 0 | C50: ='Staffing Questionnaire'!AG63+'Staffing Questionnaire'!AH63 -> 0 | D50: ='Staffing Questionnaire'!AK63 -> 0 | E50: =D50-C50 -> 0
A51: ='Staffing Questionnaire'!A64 -> 0 | B51: ='Staffing Questionnaire'!B64 -> 0 | C51: ='Staffing Questionnaire'!AG64+'Staffing Questionnaire'!AH64 -> 0 | D51: ='Staffing Questionnaire'!AK64 -> 0 | E51: =D51-C51 -> 0
A52: ='Staffing Questionnaire'!A65 -> 0 | B52: ='Staffing Questionnaire'!B65 -> 0 | C52: ='Staffing Questionnaire'!AG65+'Staffing Questionnaire'!AH65 -> 0 | D52: ='Staffing Questionnaire'!AK65 -> 0 | E52: =D52-C52 -> 0
A53: ='Staffing Questionnaire'!A66 -> 0 | B53: ='Staffing Questionnaire'!B66 -> 0 | C53: ='Staffing Questionnaire'!AG66+'Staffing Questionnaire'!AH66 -> 0 | D53: ='Staffing Questionnaire'!AK66 -> 0 | E53: =D53-C53 -> 0
A54: ='Staffing Questionnaire'!A67 -> 0 | B54: ='Staffing Questionnaire'!B67 -> 0 | C54: ='Staffing Questionnaire'!AG67+'Staffing Questionnaire'!AH67 -> 0 | D54: ='Staffing Questionnaire'!AK67 -> 0 | E54: =D54-C54 -> 0
A55: ='Staffing Questionnaire'!A68 -> 0 | B55: ='Staffing Questionnaire'!B68 -> 0 | C55: ='Staffing Questionnaire'!AG68+'Staffing Questionnaire'!AH68 -> 0 | D55: ='Staffing Questionnaire'!AK68 -> 0 | E55: =D55-C55 -> 0
A56: ='Staffing Questionnaire'!A69 -> 0 | B56: ='Staffing Questionnaire'!B69 -> 0 | C56: ='Staffing Questionnaire'!AG69+'Staffing Questionnaire'!AH69 -> 0 | D56: ='Staffing Questionnaire'!AK69 -> 0 | E56: =D56-C56 -> 0
A57: ='Staffing Questionnaire'!A70 -> 0 | B57: ='Staffing Questionnaire'!B70 -> 0 | C57: ='Staffing Questionnaire'!AG70+'Staffing Questionnaire'!AH70 -> 0 | D57: ='Staffing Questionnaire'!AK70 -> 0 | E57: =D57-C57 -> 0
A58: ='Staffing Questionnaire'!A71 -> 0 | B58: ='Staffing Questionnaire'!B71 -> 0 | C58: ='Staffing Questionnaire'!AG71+'Staffing Questionnaire'!AH71 -> 0 | D58: ='Staffing Questionnaire'!AK71 -> 0 | E58: =D58-C58 -> 0
A59: ='Staffing Questionnaire'!A72 -> 0 | B59: ='Staffing Questionnaire'!B72 -> 0 | C59: ='Staffing Questionnaire'!AG72+'Staffing Questionnaire'!AH72 -> 0 | D59: ='Staffing Questionnaire'!AK72 -> 0 | E59: =D59-C59 -> 0
A60: ='Staffing Questionnaire'!A73 -> 0 | B60: ='Staffing Questionnaire'!B73 -> 0 | C60: ='Staffing Questionnaire'!AG73+'Staffing Questionnaire'!AH73 -> 0 | D60: ='Staffing Questionnaire'!AK73 -> 0 | E60: =D60-C60 -> 0
... A72: ='Staffing Questionnaire'!A85 -> 0 | B72: ='Staffing Questionnaire'!B85 -> 0 | C72: ='Staffing Questionnaire'!AG85+'Staffing Questionnaire'!AH85 -> 0 | D72: ='Staffing Questionnaire'!AK85 -> 0 | E72: =D72-C72 -> 0

Sheet Visit Cap vs Actual
A1: The top graph compares the actual visits to the calculated visit capacity. The bottom graph calculates the Potential Additional Revenue using the assumed reimbursement times the additional number of capacity visits
Q3: CALCULATIONS ONLY - DO NOT PRINT
R4: Capacity | S4: Actual | T4: Potential Additional Revenue
Q5: MD's | R5: ='Staff Capacity'!C8 -> 0 | S5: ='Staffing Questionnaire'!AI21+'Staffing Questionnaire'!AJ21 -> 0 | T5: =(R5-S5)*78 -> 0
Q6: NP/PA's | R6: ='Staff Capacity'!C9 -> 0 | S6: ='Staffing Questionnaire'!AI40+'Staffing Questionnaire'!AJ40 -> 0 | T6: =(R6-S6)*78 -> 0
Q7: CH ERN's | R7: ='Staff Capacity'!C10 -> 0 | S7: ='Staffing Questionnaire'!AI49+'Staffing Questionnaire'!AJ49 -> 0 | T7: =(R7-S7)*90 -> 0
Q8: STD ERN's | R8: ='Staff Capacity'!C11 -> 0 | S8: ='Staffing Questionnaire'!AI59+'Staffing Questionnaire'!AJ59 -> 0 | T8: =(R8-S8)*45 -> 0
Q9: RN's | R9: ='Staff Capacity'!C12 -> 0 | S9: ='Staffing Questionnaire'!AI86+'Staffing Questionnaire'!AJ86 -> 0 | T9: =(R9-S9)*38 -> 0
Q10: TOTAL | R10: =SUM(R5:R9) -> 0 | S10: =SUM(S5:S9) -> 0 | T10: =SUM(T5:T9) -> 0

Sheet Cost per Serv
A1: This graph calculates the Cost per Service by Program by dividing the payroll costs by the actual number of visits
A2: Please HIDE any columns on the right that have -0- as the TOTAL for "COST PER SERVICE". PLEASE DO NOT DELETE THE COLUMNS. Please HIDE the columns.
O3: CALCULATIONS ONLY - DO NOT PRINT | T3: CALCULATIONS ONLY - DO NOT PRINT | Y3: CALCULATIONS ONLY - DO NOT PRINT
P4: Child Hlth | Q4: Immunes | R4: Maternity | S4: Fam Plan | T4: STD | U4: TB | V4: Epidemiology | W4: BCCCP | X4: Adult Hlth | Y4: Primary Care | Z4: Behav Hlth-CH | AA4: Behav Hlth-AH | AB4: Behav Hlth - MH | AC4: Other Serv
O5: Total Visits | P5: ='Visits Questionnaire'!AJ13 -> 0 | Q5: ='Visits Questionnaire'!AK13 -> 0 | R5: ='Visits Questionnaire'!AL13 -> 0 | S5: ='Visits Questionnaire'!AM13 -> 0 | T5: ='Visits Questionnaire'!AN13 -> 0 | U5: ='Visits Questionnaire'!AO13 -> 0 | V5: ='Visits Questionnaire'!AP13 -> 0 | W5: ='Visits Questionnaire'!AQ13 -> 0 | ... AC5: ='Visits Questionnaire'!AW13 -> 0
O6: Adjustment | P6: =IF(P5=0,"1") -> 1 | Q6: =IF(Q5=0,"1") -> 1 | R6: =IF(R5=0,"1") -> 1 | S6: =IF(S5=0,"1") -> 1 | T6: =IF(T5=0,"1") -> 1 | U6: =IF(U5=0,"1") -> 1 | V6: =IF(V5=0,"1") -> 1 | W6: =IF(W5=0,"1") -> 1 | ... AC6: =IF(AC5=0,"1") -> 1
O7: Cost | P7: ='Staffing Questionnaire'!AW161 -> 0 | Q7: ='Staffing Questionnaire'!AX161 -> 0 | R7: ='Staffing Questionnaire'!AY161 -> 0 | S7: ='Staffing Questionnaire'!AZ161 -> 0 | T7: ='Staffing Questionnaire'!BA161 -> 0 | U7: ='Staffing Questionnaire'!BB161 -> 0 | V7: ='Staffing Questionnaire'!BC161 -> 0 | W7: ='Staffing Questionnaire'!BD161 -> 0 | ... Y7: ='Staffing Questionnaire'!BF161 -> 0 | Z7: ='Staffing Questionnaire'!BI161 -> 0 | AA7: ='Staffing Questionnaire'!BJ161 -> 0 | AB7: ='Staffing Questionnaire'!BK161 -> 0 | AC7: ='Staffing Questionnaire'!BL161 -> 0
O8: Cost Per Service | P8: =IFERROR((P7)/(P5+P6),0) -> 0 | Q8: =IFERROR((Q7)/(Q5+Q6),0) -> 0 | R8: =IFERROR((R7)/(R5+R6),0) -> 0 | S8: =IFERROR((S7)/(S5+S6),0) -> 0 | T8: =IFERROR((T7)/(T5+T6),0) -> 0 | U8: =IFERROR((U7)/(U5+U6),0) -> 0 | V8: =IFERROR((V7)/(V5+V6),0) -> 0 | W8: =IFERROR((W7)/(W5+W6),0) -> 0 | ... AC8: =IFERROR((AC7)/(AC5+AC6),0) -> 0

Sheet Visits by Prg
A1: This graph shows trending of visits for each program by quarter

Sheet Total Visits by Qtr
A1: This graph shows trending of visits for all programs combined by quarter

Sheet Payer Mix
A1: The top graph shows Medicaid vs Non-Medicaid visits by program. The bottom graph shows Medicaid vs Non-Medicaid visits for all programs combined.
A2: Please HIDE any program columns on the right that have -0- as the TOTAL for BOTH Medicaid and Non-Caid. PLEASE DO NOT DELETE THE COLUMNS. Please HIDE the columns.
R3: CALCULATIONS ONLY - DO NOT PRINT | W3: CALCULATIONS ONLY - DO NOT PRINT | AB3: CALCULATIONS ONLY - DO NOT PRINT | AG3: CALCULATIONS ONLY - DO NOT PRINT | AL3: CALCULATIONS ONLY - DO NOT PRINT | AQ3: CALCULATIONS ONLY - DO NOT PRINT
R4: CH | T4: IMM | V4: MH | X4: FP | Z4: STD | AB4: TB | AD4: EPI | AF4: BCCCP | AH4: AH | AJ4: PC | AL4: BH-CH | AN4: BH-AH | AP4: BH-MH | AR4: OS | AT4: TOTAL
R5: Medicaid | S5: Non-Caid | T5: Medicaid | U5: Non-Caid | V5: Medicaid | W5: Non-Caid | X5: Medicaid | Y5: Non-Caid | Z5: Medicaid | AA5: Non-Caid | AB5: Medicaid | AC5: Non-Caid | AD5: Medicaid | AE5: Non-Caid | AF5: Medicaid | AG5: Non-Caid | AH5: Medicaid | AI5: Non-Caid | AJ5: Medicaid | AK5: Non-Caid | AL5: Medicaid | AM5: Non-Caid | AN5: Medicaid | AO5: Non-Caid | AP5: Medicaid | AQ5: Non-Caid | AR5: Medicaid | AS5: Non-Caid | AT5: Medicaid | AU5: Non-Caid
R6: =IFERROR('Visits Questionnaire'!C14/('Visits Questionnaire'!C14+'Visits Questionnaire'!D14),0) -> 0 | S6: =IFERROR('Visits Questionnaire'!D14/('Visits Questionnaire'!C14+'Visits Questionnaire'!D14),0) -> 0 | T6: =IFERROR('Visits Questionnaire'!E14/('Visits Questionnaire'!E14+'Visits Questionnaire'!F14),0) -> 0 | U6: =IFERROR('Visits Questionnaire'!F14/('Visits Questionnaire'!E14+'Visits Questionnaire'!F14),0) -> 0 | V6: =IFERROR('Visits Questionnaire'!G14/('Visits Questionnaire'!G14+'Visits Questionnaire'!H14),0) -> 0 | W6: =IFERROR('Visits Questionnaire'!H14/('Visits Questionnaire'!G14+'Visits Questionnaire'!H14),0) -> 0 | X6: =IFERROR('Visits Questionnaire'!I14/('Visits Questionnaire'!I14+'Visits Questionnaire'!J14),0) -> 0 | Y6: =IFERROR('Visits Questionnaire'!J14/('Visits Questionnaire'!I14+'Visits Questionnaire'!J14),0) -> 0 | Z6: =IFERROR('Visits Questionnaire'!K14/('Visits Questionnaire'!K14+'Visits Questionnaire'!L14),0) -> 0 | AA6: =IFERROR('Visits Questionnaire'!L14/('Visits Questionnaire'!K14+'Visits Questionnaire'!L14),0) -> 0 | AB6: =IFERROR('Visits Questionnaire'!M14/('Visits Questionnaire'!M14+'Visits Questionnaire'!N14),0) -> 0 | AC6: =IFERROR('Visits Questionnaire'!N14/('Visits Questionnaire'!M14+'Visits Questionnaire'!N14),0) -> 0 | AD6: =IFERROR('Visits Questionnaire'!O14/('Visits Questionnaire'!O14+'Visits Questionnaire'!P14),0) -> 0 | AE6: =IFERROR('Visits Questionnaire'!P14/('Visits Questionnaire'!O14+'Visits Questionnaire'!P14),0) -> 0 | AF6: =IFERROR('Visits Questionnaire'!Q14/('Visits Questionnaire'!Q14+'Visits Questionnaire'!R14),0) -> 0 | AG6: =IFERROR('Visits Questionnaire'!R14/('Visits Questionnaire'!Q14+'Visits Questionnaire'!R14),0) -> 0 | AH6: =IFERROR('Visits Questionnaire'!S14/('Visits Questionnaire'!S14+'Visits Questionnaire'!T14),0) -> 0 | AI6: =IFERROR('Visits Questionnaire'!T14/('Visits Questionnaire'!S14+'Visits Questionnaire'!T14),0) -> 0 | AJ6: =IFERROR('Visits Questionnaire'!U14/('Visits Questionnaire'!U14+'Visits Questionnaire'!V14),0) -> 0 | AK6: =IFERROR('Visits Questionnaire'!V14/('Visits Questionnaire'!U14+'Visits Questionnaire'!V14),0) -> 0 | AL6: =IFERROR('Visits Questionnaire'!W14/('Visits Questionnaire'!W14+'Visits Questionnaire'!X14),0) -> 0 | AM6: =IFERROR('Visits Questionnaire'!X14/('Visits Questionnaire'!W14+'Visits Questionnaire'!X14),0) -> 0 | AN6: =IFERROR('Visits Questionnaire'!Y14/('Visits Questionnaire'!Y14+'Visits Questionnaire'!Z14),0) -> 0 | AO6: =IFERROR('Visits Questionnaire'!Z14/('Visits Questionnaire'!Y14+'Visits Questionnaire'!Z14),0) -> 0 | AP6: =IFERROR('Visits Questionnaire'!AA14/('Visits Questionnaire'!AA14+'Visits Questionnaire'!AB14),0) -> 0 | AQ6: =IFERROR('Visits Questionnaire'!AB14/('Visits Questionnaire'!AA14+'Visits Questionnaire'!AB14),0) -> 0 | AR6: =IFERROR('Visits Questionnaire'!AC14/('Visits Questionnaire'!AC14+'Visits Questionnaire'!AD14),0) -> 0 | AS6: =IFERROR('Visits Questionnaire'!AD14/('Visits Questionnaire'!AC14+'Visits Questionnaire'!AD14),0) -> 0 | AT6: ='Visits Questionnaire'!AY10/('Visits Questionnaire'!AY10+'Visits Questionnaire'!AZ10) -> #DIV/0! | AU6: ='Visits Questionnaire'!AZ10/('Visits Questionnaire'!AY10+'Visits Questionnaire'!AZ10) -> #DIV/0!

Sheet Admin Time
A1: This graph shows the agency salary costs for Administrative time and the lost revenue based on the potential visits that could be provided times the assumed reimbursement

Sheet Appt Outcomes
A1: This graph shows the appointment outcomes by clinic and can be useful in determining scheduling needs

Sheet No Show
A1: This graph shows the No Show percentages by clinic and can be useful in determining scheduling needs to ensure that providers are fully utilized

Sheet Next Appt
A1: This graph shows the wait time for next appointments for each visit type and can be useful in determining scheduling needs

Sheet Bell Curve
A1: This graph should look like a "Bell Curve" and can help identify under-coding or over-coding issues

Sheet Visit Mix
A1: These four graphs can be useful to identify whether the agency appointment schedule needs adjusting to accommodate supply and demand
A3: FOR CALCULATION ONLY
A4: DO NOT PRINT
B5: Prevention | C5: Problem
A6: New | B6: =SUM('Visits Questionnaire'!C31:C37) -> 0 | C6: =SUM('Visits Questionnaire'!C20:C24) -> 0
A7: Established | B7: =SUM('Visits Questionnaire'!C38:C44) -> 0 | C7: =SUM('Visits Questionnaire'!C25:C29) -> 0
B8: Prevention | C8: Problem
A9: Total | B9: =SUM(B6:B7) -> 0 | C9: =SUM(C6:C7) -> 0
B10: New | C10: Established
A11: Total | B11: =SUM(B6:C6) -> 0 | C11: =SUM(B7:C7) -> 0
